Workbook
Name _01_09_96: #REF!
Name _01_09_96: #REF!
Name _Ext2: NA()
Name _I: #REF!
Name _PL1: #REF!
Name _S: NA()
Name a: #REF!
Name AA: 'BDI DIFERENCIADO (2)'!AA
Name AA: AA
Name AA_1: 'BDI DIFERENCIADO (2)'!AA_1
Name AA_1: AA_1
Name ALTA: NA()
Name amarela: #REF!
Name AREA: #REF!
Name AREA: #REF!
Name ÁREA: #REF!
Name ÁREA: #REF!
Name Área_impressão_IM: #REF!
Name Área_impressão_IM: #REF!
Name AreaTeste: #REF!
Name AreaTeste: #REF!
Name AreaTeste2: #REF!
Name azul: #REF!
Name AZULSINAL: #REF!
Name BDI: #REF!
Name BDI: #REF!
Name bdi_1: '[3]35 x 61,40 Semi V - 2,25'!#REF!
Name bdi_1_1: #REF!
Name bdi_1_1_1: #REF!
Name bdi_1_1_1_1: '[4]25 x 61,40 Semi V - 2,25'!#REF!
Name bdi_1_1_1_1_1: '[4]25 x 61,40 Semi V - 2,25'!#REF!
Name bdi_1_1_1_1_1_1: #REF!
Name bdi_1_1_1_1_1_1_1: '[5]25 x 61,40 Semi V - 2,25'!#REF!
Name bdi_1_1_1_1_1_1_1_2: '[6]25 x 61,40 Semi V - 2,25'!#REF!
Name bdi_1_1_1_1_1_1_2: #REF!
Name bdi_1_1_1_1_1_2: '[4]25 x 61,40 Semi V - 2,25'!#REF!
Name bdi_1_1_1_1_2: '[5]25 x 61,40 Semi V - 2,25'!#REF!
Name bdi_1_1_1_1_2_1: #REF!
Name bdi_1_1_1_1_2_1_1: #REF!
Name bdi_1_1_1_1_2_1_1_2: #REF!
Name bdi_1_1_1_1_2_1_2: #REF!
Name bdi_1_1_1_1_2_2: '[6]25 x 61,40 Semi V - 2,25'!#REF!
Name bdi_1_1_1_2: '[7]35 x 61,40 Semi V - 2,25'!#REF!
Name bdi_1_1_1_2_1: #REF!
Name bdi_1_1_1_2_1_1: #REF!
Name bdi_1_1_1_2_1_1_2: #REF!
Name bdi_1_1_1_2_1_2: #REF!
Name bdi_1_1_1_2_2: #REF!
Name bdi_1_1_1_2_2_1: #REF!
Name bdi_1_1_1_2_2_1_1: #REF!
Name bdi_1_1_1_2_2_1_2: #REF!
Name bdi_1_1_1_2_2_2: #REF!
Name bdi_1_1_1_3: #REF!
Name bdi_1_1_1_3_2: #REF!
Name bdi_1_1_2: #REF!
Name bdi_1_1_2_1: #REF!
Name bdi_1_1_2_1_1: '[8]35 x 61,40 Semi V - 2,25'!#REF!
Name bdi_1_1_2_1_1_1: '[7]35 x 61,40 Semi V - 2,25'!#REF!
Name bdi_1_1_2_1_1_1_2: '[9]35 x 61,40 Semi V - 2,25'!#REF!
Name bdi_1_1_2_1_1_2: '[8]35 x 61,40 Semi V - 2,25'!#REF!

Sheet DADOS
A1: PREENCHER COM AS INFORMAÇÕES DO ORÇAMENTO
A2: Objeto: | C2: CONTRATAÇÃO DE EMPRESA ESPECIALIZADA EM CONSTRUÇÃO PARA CONCLUSÃO DE 01 PORTAL TURÍSTICO EM PAÇO DO LUMIAR – MA, LOCALIZADO NA RUA ANTÔNIO, VILA DO PAÇO, REFERENTE AO CONTRATO DE REPASSE Nº 832525/2016/MTUR/CAIXA” CONFORME SUAS ATUALIZAÇÕES DE META E REPROGRAMAÇÃO”, EM ACORDO COM O PROJETO BÁSICO
A3: Local: | C3: PAÇO DO LUMIAR -MA.
A4: Data Base: | C4: SINAPI 04/2025 - Maranhão; SICRO3 01/2025 - Maranhão; ORSE 02/2025 - Sergipe; SEINFRA 028 - Ceará
A5: BDI: | C5: =BDI!E37 -> 0.2247
A6: BDI DIFERENCIADO: | C6: 0
A7: ENCARGOS SOCIAIS: | C7: SEM DESONERAÇÃO | D7: <= INFORME SE A MÃO DE OBRA SERÁ "COM DESONERAÇÃO" OU "SEM DESONERAÇÃO"
B8: HORISTA | C8: =ENCARGOS!F10 -> 1.1273
B9: MENSALISTA | C9: =ENCARGOS!F11 -> 0.7019
A10: Revisão: | C10: 0
A12: Data: | C12: Paço do Lumiar-MA, 06 de outubro de 2025.
A14: REPRESENTANTE PELA ELABORAÇÃO ORÇAMENTÁRIA | C14: Fernando Aragão Costa
C15: Engenheiro
C16: 1115360060
A17: Apoio Técnico
C30: COM DESONERAÇÃO
C31: SEM DESONERAÇÃO

Sheet RESUMO
G1: =SUM(A1:F1) -> 0
A6: OBJETO: | B6: =DADOS!$C$2 -> CONTRATAÇÃO DE EMPRESA ESPECIALIZADA EM CONSTRUÇÃO PARA CONCLUSÃO DE 01 PORTAL TURÍSTICO EM PAÇO DO LUMIAR – MA, LOCALIZADO NA RUA ANTÔNIO, VILA DO PAÇO, REFERENTE AO CONTRATO DE REPASSE Nº 832525/2016/MTUR/CAIXA” CONFORME SUAS ATUALIZAÇÕES DE META E REPROGRAMAÇÃO”, EM ACORDO COM O PROJETO BÁSICO
A7: Local: | B7: =DADOS!$C$3 -> PAÇO DO LUMIAR -MA.
A9: Data Base: | B9: =DADOS!$C$4 -> SINAPI 04/2025 - Maranhão; SICRO3 01/2025 - Maranhão; ORSE 02/2025 - Sergipe; SEINFRA 028 - Ceará
A10: BDI: | B10: =DADOS!$C$5 -> 0.2247 | D10: ENCARGOS SOCIAIS: | E10: =DADOS!$C$7 -> SEM DESONERAÇÃO
A11: BDI DIF.: | B11: =DADOS!$C$6 -> 0 | D11: Horista | E11: =DADOS!$C$8 -> 1.1273
A12: Revisão: | B12: =DADOS!$C$10 -> 0 | D12: Mensalista | E12: =DADOS!$C$9 -> 0.7019
A14: RESUMO
A16: ITEM | B16: DISCRIMINAÇÃO DOS SERVIÇOS | E16: PREÇO TOTAL | F16: PESO (%)
A17: 1 | B17: =VLOOKUP(A17,SINTÉTICA!$A$18:$I$84,4,0) -> SERVIÇOS PRELIMINARES | E17: =VLOOKUP(A17,SINTÉTICA!$A$18:$I$79,9,0) -> 0 | F17: =E17/$E$31 -> 0
A18: 2 | B18: =VLOOKUP(A18,SINTÉTICA!$A$18:$I$84,4,0) -> SERVIÇOS DE TERRAPLENAGEM | E18: =VLOOKUP(A18,SINTÉTICA!$A$18:$I$79,9,0) -> 0 | F18: =E18/$E$31 -> 0
A19: 3 | B19: =VLOOKUP(A19,SINTÉTICA!$A$18:$I$84,4,0) -> INFRAESTRUTURA E SUPERESTRUTURA | E19: =VLOOKUP(A19,SINTÉTICA!$A$18:$I$79,9,0) -> 3076.17 | F19: =E19/$E$31 -> 0.014556217
A20: 4 | B20: =VLOOKUP(A20,SINTÉTICA!$A$18:$I$84,4,0) -> ESTRUTURA METÁLICA | E20: =VLOOKUP(A20,SINTÉTICA!$A$18:$I$79,9,0) -> 29767.8 | F20: =E20/$E$31 -> 0.14085911
A21: 5 | B21: =VLOOKUP(A21,SINTÉTICA!$A$18:$I$84,4,0) -> COBERTURA | E21: =VLOOKUP(A21,SINTÉTICA!$A$18:$I$79,9,0) -> 10957.26 | F21: =E21/$E$31 -> 0.051848973
A22: 6 | B22: =VLOOKUP(A22,SINTÉTICA!$A$18:$I$84,4,0) -> PISOS | E22: =VLOOKUP(A22,SINTÉTICA!$A$18:$I$79,9,0) -> 11861.28 | F22: =E22/$E$31 -> 0.056126731
A23: 7 | B23: =VLOOKUP(A23,SINTÉTICA!$A$18:$I$84,4,0) -> ALVENARIA | E23: =VLOOKUP(A23,SINTÉTICA!$A$18:$I$79,9,0) -> 3761.91 | F23: =E23/$E$31 -> 0.01780109
A24: 8 | B24: =VLOOKUP(A24,SINTÉTICA!$A$18:$I$84,4,0) -> REVESTIMENTO | E24: =VLOOKUP(A24,SINTÉTICA!$A$18:$I$79,9,0) -> 93198.1 | F24: =E24/$E$31 -> 0.44100676
A25: 9 | B25: =VLOOKUP(A25,SINTÉTICA!$A$18:$I$84,4,0) -> INSTALAÇÕES ELÉTRICAS | E25: =VLOOKUP(A25,SINTÉTICA!$A$18:$I$79,9,0) -> 6372.11 | F25: =E25/$E$31 -> 0.03015237
A26: 10 | B26: =VLOOKUP(A26,SINTÉTICA!$A$18:$I$84,4,0) -> DRENAGEM SUPERFICIAL | E26: =VLOOKUP(A26,SINTÉTICA!$A$18:$I$79,9,0) -> 8170.54 | F26: =E26/$E$31 -> 0.038662412
A27: 11 | B27: =VLOOKUP(A27,SINTÉTICA!$A$18:$I$84,4,0) -> PINTURA | E27: =VLOOKUP(A27,SINTÉTICA!$A$18:$I$79,9,0) -> 696.81 | F27: =E27/$E$31 -> 0.0032972552
A28: 12 | B28: =VLOOKUP(A28,SINTÉTICA!$A$18:$I$84,4,0) -> DIVERSOS | E28: =VLOOKUP(A28,SINTÉTICA!$A$18:$I$79,9,0) -> 24571.05 | F28: =E28/$E$31 -> 0.11626846
A29: 13 | B29: =VLOOKUP(A29,SINTÉTICA!$A$18:$I$84,4,0) -> ADMINISTRAÇÃO LOCAL | E29: =VLOOKUP(A29,SINTÉTICA!$A$18:$I$79,9,0) -> 18897.29 | F29: =E29/$E$31 -> 0.089420628
A31: TOTAL GERAL | E31: =TRUNC(SUM(E17:E30),2) -> 211330.32 | F31: =TRUNC(SUM(F17:F30),2) -> 1
B33: Importa o seguinte orçamento em: | C33: =$E$31 -> 211330.32
C34: =SINTÉTICA!D83 -> Duzentos e Onze Mil e Trezentos e Trinta Reais e Trinta e Dois Centavos
A36: =DADOS!$C$12 -> Paço do Lumiar-MA, 06 de outubro de 2025.
G41: =E31-SINTÉTICA!$I$80 -> 0
D42: ______________________________________
D43: =DADOS!$C$14 -> Fernando Aragão Costa
D44: =DADOS!$C$15 -> Engenheiro
D45: =DADOS!$C$16 -> 1115360060

Sheet SINTÉTICA
A1: 11.67 | B1: 10.78 | C1: 10.78 | D1: 77.78 | E1: 9.11 | F1: 12.44 | G1: 11.11 | H1: 11.11 | I1: 19.67 | J1: 11.33 | K1: =SUM(A1:J1) -> 185.78
A6: OBJETO: | B6: =DADOS!$C$2 -> CONTRATAÇÃO DE EMPRESA ESPECIALIZADA EM CONSTRUÇÃO PARA CONCLUSÃO DE 01 PORTAL TURÍSTICO EM PAÇO DO LUMIAR – MA, LOCALIZADO NA RUA ANTÔNIO, VILA DO PAÇO, REFERENTE AO CONTRATO DE REPASSE Nº 832525/2016/MTUR/CAIXA” CONFORME SUAS ATUALIZAÇÕES DE META E REPROGRAMAÇÃO”, EM ACORDO COM O PROJETO BÁSICO
A7: Local: | B7: =DADOS!$C$3 -> PAÇO DO LUMIAR -MA.
A9: Data Base: | B9: =DADOS!C$4 -> SINAPI 04/2025 - Maranhão; SICRO3 01/2025 - Maranhão; ORSE 02/2025 - Sergipe; SEINFRA 028 - Ceará
A10: BDI: | B10: =DADOS!$C$5 -> 0.2247 | H10: ENCARGOS SOCIAIS: | I10: =DADOS!$C$7 -> SEM DESONERAÇÃO
A11: Revisão: | B11: =DADOS!$C$10 -> 0 | H11: Horista | I11: =DADOS!$C$8 -> 1.1273
H12: Mensalista | I12: =DADOS!$C$9 -> 0.7019
A14: PLANILHA ORÇAMENTÁRIA SINTÉTICA
A16: ITEM | B16: FONTE | C16: CÓDIGO | D16: DISCRIMINAÇÃO DOS SERVIÇOS | E16: UNID | F16: QUANT. | G16: PREÇO UNITÁRIO | I16: PREÇO TOTAL | J16: PESO (%)
G17: SEM BDI | H17: COM BDI
A18: 1 | D18: SERVIÇOS PRELIMINARES | I18: =SUM(I19:I19) -> 0 | J18: =I18/$I$80 -> 0
A19: 1.1 | B19: SINAPI | C19: 105009 | D19: LOCAÇÃO CONVENCIONAL DE OBRA, UTILIZANDO GABARITO DE TÁBUAS CORRIDAS PONTALETADAS A CADA 1,50M - 2 UTILIZAÇÕES. AF_03/2024 | E19: M | F19: =VLOOKUP(A19,MC!$A$16:$N$695,4,0) -> 0 | G19: 81.59 | H19: =G19*(1+$B$10) -> 99.923273 | I19: =TRUNC(F19*H19,2) -> 0 | J19: =I19/$I$80 -> 0
A20: 2 | D20: SERVIÇOS DE TERRAPLENAGEM | I20: =SUM(I21:I24) -> 0 | J20: =I20/$I$80 -> 0 | L20: =I20/156 -> 0
A21: 2.1 | B21: SINAPI | C21: 98524 | D21: LIMPEZA MANUAL DE VEGETAÇÃO EM TERRENO COM ENXADA. AF_03/2024 | E21: m² | F21: =VLOOKUP(A21,MC!$A$16:$N$695,4,0) -> 0 | G21: 4.97 | H21: =G21*(1+$B$10) -> 6.086759 | I21: =TRUNC(F21*H21,2) -> 0 | J21: =I21/$I$80 -> 0
A22: 2.2 | B22: SINAPI | C22: 102346 | D22: ESCAVAÇÃO DE VALA EM MATERIAL DE 3ª CATEGORIA, RESISTÊNCIA À COMPRESSÃO MENOR QUE 50 MPA, COM ROMPEDOR ACOPLADO EM ESCAVADEIRA HIDRÁULICA - EXCLUSIVE RETIRADA, CARGA E TRANSPORTE. AF_03/2021 | E22: m³ | F22: =VLOOKUP(A22,MC!$A$16:$N$695,4,0) -> 0 | G22: 27.49 | H22: =G22*(1+$B$10) -> 33.667003 | I22: =TRUNC(F22*H22,2) -> 0 | J22: =I22/$I$80 -> 0
A23: 2.3 | B23: SINAPI | C23: 100937 | D23: TRANSPORTE COM CAMINHÃO BASCULANTE DE 6 M³, EM VIA INTERNA (DENTRO DO CANTEIRO - UNIDADE: M3XKM). AF_07/2020 | E23: M3XKM | F23: =VLOOKUP(A23,MC!$A$16:$N$695,4,0) -> 0 | G23: 9.41 | H23: =G23*(1+$B$10) -> 11.524427 | I23: =TRUNC(F23*H23,2) -> 0 | J23: =I23/$I$80 -> 0
A24: 2.4 | B24: SINAPI | C24: 100574 | D24: ESPALHAMENTO DE MATERIAL COM TRATOR DE ESTEIRAS. AF_09/2024 | E24: m³ | F24: =VLOOKUP(A24,MC!$A$16:$N$695,4,0) -> 0 | G24: 1.41 | H24: =G24*(1+$B$10) -> 1.726827 | I24: =TRUNC(F24*H24,2) -> 0 | J24: =I24/$I$80 -> 0
A25: 3 | D25: INFRAESTRUTURA E SUPERESTRUTURA | I25: =SUM(I26:I34) -> 3076.17 | J25: =I25/$I$80 -> 0.014556217
A26: 3.1 | B26: SINAPI | C26: 93358 | D26: ESCAVAÇÃO MANUAL DE VALA. AF_09/2024 | E26: m³ | F26: =VLOOKUP(A26,MC!$A$16:$N$695,4,0) -> 0 | G26: 92.24 | H26: =G26*(1+$B$10) -> 112.96633 | I26: =TRUNC(F26*H26,2) -> 0 | J26: =I26/$I$80 -> 0
A27: 3.2 | B27: SINAPI | C27: 93382 | D27: REATERRO MANUAL DE VALAS, COM COMPACTADOR DE SOLOS DE PERCUSSÃO. AF_08/2023 | E27: m³ | F27: =VLOOKUP(A27,MC!$A$16:$N$695,4,0) -> 0 | G27: 27.48 | H27: =G27*(1+$B$10) -> 33.654756 | I27: =TRUNC(F27*H27,2) -> 0 | J27: =I27/$I$80 -> 0
A28: 3.3 | B28: SINAPI | C28: 101166 | D28: ALVENARIA DE EMBASAMENTO COM BLOCO ESTRUTURAL DE CERÂMICA, DE 14X19X29CM E ARGAMASSA DE ASSENTAMENTO COM PREPARO EM BETONEIRA. AF_05/2020 | E28: m³ | F28: =VLOOKUP(A28,MC!$A$16:$N$695,4,0) -> 0 | G28: 682.48 | H28: =G28*(1+$B$10) -> 835.83326 | I28: =TRUNC(F28*H28,2) -> 0 | J28: =I28/$I$80 -> 0
A29: 3.4 | B29: SINAPI | C29: 101166 | D29: ALVENARIA DE EMBASAMENTO COM BLOCO ESTRUTURAL DE CERÂMICA, DE 14X19X29CM E ARGAMASSA DE ASSENTAMENTO COM PREPARO EM BETONEIRA. AF_05/2020 | E29: m³ | F29: =VLOOKUP(A29,MC!$A$16:$N$695,4,0) -> 0 | G29: 682.48 | H29: =G29*(1+$B$10) -> 835.83326 | I29: =TRUNC(F29*H29,2) -> 0 | J29: =I29/$I$80 -> 0
A30: 3.5 | B30: ORSE | C30: 7369 | D30: Concreto Armado fck=30,0MPa, usinado, bombeado, adensado e lançado, para uso Geral, com formas planas em compensado resinado 12mm (05 usos) | E30: m³ | F30: =VLOOKUP(A30,MC!$A$16:$N$695,4,0) -> 0 | G30: 2445.84 | H30: =G30*(1+$B$10) -> 2995.4202 | I30: =TRUNC(F30*H30,2) -> 0 | J30: =I30/$I$80 -> 0
A31: 3.6 | B31: SINAPI | C31: 105033 | D31: CINTA DE AMARRAÇÃO DE ALVENARIA MOLDADA IN LOCO COM UTILIZAÇÃO DE BLOCOS CANALETA, ESPESSURA DE *15* CM. AF_03/2024 | E31: M | F31: =VLOOKUP(A31,MC!$A$16:$N$695,4,0) -> 0 | G31: 63.21 | H31: =G31*(1+$B$10) -> 77.413287 | I31: =TRUNC(F31*H31,2) -> 0 | J31: =I31/$I$80 -> 0
A32: 3.7 | B32: Próprio | C32: CPU.FE.01 | D32: Pilar Concreto Armado | E32: m³ | F32: =VLOOKUP(A32,MC!$A$16:$N$695,4,0) -> 0 | G32: 2175.28 | H32: =G32*(1+$B$10) -> 2664.0654 | I32: =TRUNC(F32*H32,2) -> 0 | J32: =I32/$I$80 -> 0
A33: 3.8 | B33: Próprio | C33: CPU.FE.01 | D33: Viga Concreto Armado | E33: m³ | F33: =VLOOKUP(A33,MC!$A$16:$N$695,4,0) -> 0 | G33: 2175.28 | H33: =G33*(1+$B$10) -> 2664.0654 | I33: =TRUNC(F33*H33,2) -> 0 | J33: =I33/$I$80 -> 0
A34: 3.9 | B34: ORSE | C34: 9904 | D34: Laje pré-fabricada treliçada com vigota dupla para piso, intereixo 38cm, h=12cm, enchimento em bloco cerâmico h=8cm, inclusive escoramento em madeira e capeamento 4cm. | E34: m² | F34: =VLOOKUP(A34,MC!$A$16:$N$695,4,0) -> 12.96 | G34: 193.81 | H34: =G34*(1+$B$10) -> 237.35911 | I34: =TRUNC(F34*H34,2) -> 3076.17 | J34: =I34/$I$80 -> 0.014556217
A35: 4 | D35: ESTRUTURA METÁLICA | I35: =SUM(I36:I37) -> 29767.8 | J35: =I35/$I$80 -> 0.14085911
A36: 4.1 | B36: ORSE | C36: 12415 | D36: Viga metálica, em perfil Perfil Aço Laminado, H - W200 x 22,5 kg/m ASTM A 572 Grau 50, pintura 01 demão epoxi fundo óxido ferro + 02 demãos esmalte epoxi branco | E36: m | F36: =VLOOKUP(A36,MC!$A$16:$N$695,4,0) -> 30.4 | G36: 106.49 | H36: =G36*(1+$B$10) -> 130.4183 | I36: =TRUNC(F36*H36,2) -> 3964.71 | J36: =I36/$I$80 -> 0.018760725
A37: 4.2 | B37: ORSE | C37: 11099 | D37: Revestimento metálico em alumínio composto (Alucobond ou similar) dobrado, e=0,3mm, na cor cobre, 1,00 nx 1,00m, exclusive estrutura metálica - fornecimento e montagem - Obra do Centro de Convenções de Sergipe | E37: m² | F37: =VLOOKUP(A37,MC!$A$16:$N$695,4,0) -> 81 | G37: 260.11 | H37: =G37*(1+$B$10) -> 318.55672 | I37: =TRUNC(F37*H37,2) -> 25803.09 | J37: =I37/$I$80 -> 0.12209838
A38: 5 | D38: COBERTURA | I38: =SUM(I39:I41) -> 10957.26 | J38: =I38/$I$80 -> 0.051848973
A39: 5.1 | B39: SINAPI | C39: 92542 | D39: TRAMA DE MADEIRA COMPOSTA POR RIPAS, CAIBROS E TERÇAS PARA TELHADOS DE MAIS QUE 2 ÁGUAS PARA TELHA CERÂMICA CAPA-CANAL, INCLUSO TRANSPORTE VERTICAL. AF_07/2019 | E39: m² | F39: =VLOOKUP(A39,MC!$A$16:$N$695,4,0) -> 57.76 | G39: 101.66 | H39: =G39*(1+$B$10) -> 124.503 | I39: =TRUNC(F39*H39,2) -> 7191.29 | J39: =I39/$I$80 -> 0.034028671
A40: 5.2 | B40: SINAPI | C40: 94441 | D40: TELHAMENTO COM TELHA CERÂMICA DE ENCAIXE, TIPO FRANCESA, COM MAIS DE 2 ÁGUAS, INCLUSO TRANSPORTE VERTICAL. AF_07/2019 | E40: m² | F40: =VLOOKUP(A40,MC!$A$16:$N$695,4,0) -> 57.76 | G40: 38.28 | H40: =G40*(1+$B$10) -> 46.881516 | I40: =TRUNC(F40*H40,2) -> 2707.87 | J40: =I40/$I$80 -> 0.012813448
A41: 5.3 | B41: SINAPI | C41: 94224 | D41: EMBOÇAMENTO COM ARGAMASSA TRAÇO 1:2:9 (CIMENTO, CAL E AREIA). AF_07/2019 | E41: M | F41: =VLOOKUP(A41,MC!$A$16:$N$695,4,0) -> 30.4 | G41: 28.42 | H41: =G41*(1+$B$10) -> 34.805974 | I41: =TRUNC(F41*H41,2) -> 1058.1 | J41: =I41/$I$80 -> 0.0050068537
A42: 6 | D42: PISOS | I42: =SUM(I43:I46) -> 11861.28 | J42: =I42/$I$80 -> 0.056126731
A43: 6.1 | B43: SINAPI | C43: 100575 | D43: REGULARIZAÇÃO DE SUPERFÍCIES COM MOTONIVELADORA. AF_09/2024 | E43: m² | F43: =VLOOKUP(A43,MC!$A$16:$N$695,4,0) -> 0 | G43: 1.93 | H43: =G43*(1+$B$10) -> 2.363671 | I43: =TRUNC(F43*H43,2) -> 0 | J43: =I43/$I$80 -> 0
A44: 6.2 | B44: SINAPI | C44: 87692 | D44: CONTRAPISO EM ARGAMASSA TRAÇO 1:4 (CIMENTO E AREIA), PREPARO MANUAL, APLICADO EM ÁREAS SECAS SOBRE LAJE, NÃO ADERIDO, ACABAMENTO NÃO REFORÇADO, ESPESSURA 5CM. AF_07/2021 | E44: m² | F44: =VLOOKUP(A44,MC!$A$16:$N$695,4,0) -> 48.67 | G44: 64.26 | H44: =G44*(1+$B$10) -> 78.699222 | I44: =TRUNC(F44*H44,2) -> 3830.29 | J44: =I44/$I$80 -> 0.018124659
A45: 6.3 | B45: SINAPI | C45: 94994 | D45: EXECUÇÃO DE PASSEIO (CALÇADA) OU PISO DE CONCRETO COM CONCRETO MOLDADO IN LOCO, FEITO EM OBRA, ACABAMENTO CONVENCIONAL, ESPESSURA 8 CM, ARMADO. AF_08/2022 | E45: m² | F45: =VLOOKUP(A45,MC!$A$16:$N$695,4,0) -> 48.67 | G45: 100.08 | H45: =G45*(1+$B$10) -> 122.56798 | I45: =TRUNC(F45*H45,2) -> 5965.38 | J45: =I45/$I$80 -> 0.028227753
A46: 6.4 | B46: SINAPI | C46: 104658 | D46: PISO PODOTÁTIL DE ALERTA OU DIRECIONAL, DE CONCRETO, ASSENTADO SOBRE ARGAMASSA. AF_03/2024 | E46: m² | F46: =VLOOKUP(A46,MC!$A$16:$N$695,4,0) -> 10.95 | G46: 154.03 | H46: =G46*(1+$B$10) -> 188.64054 | I46: =TRUNC(F46*H46,2) -> 2065.61 | J46: =I46/$I$80 -> 0.0097743192
A47: 7 | D47: ALVENARIA | I47: =SUM(I48:I48) -> 3761.91 | J47: =I47/$I$80 -> 0.01780109
A48: 7.1 | B48: SINAPI | C48: 103361 | D48: ALVENARIA DE VEDAÇÃO DE BLOCOS CERÂMICOS FURADOS NA HORIZONTAL DE 14X19X29 CM (ESPESSURA 14 CM) E ARGAMASSA DE ASSENTAMENTO COM PREPARO MANUAL. AF_12/2021 | E48: m² | F48: =VLOOKUP(A48,MC!$A$16:$N$695,4,0) -> 36.27 | G48: 84.69 | H48: =G48*(1+$B$10) -> 103.71984 | I48: =TRUNC(F48*H48,2) -> 3761.91 | J48: =I48/$I$80 -> 0.01780109
A49: 8 | D49: REVESTIMENTO | I49: =SUM(I50:I53) -> 93198.1 | J49: =I49/$I$80 -> 0.44100676
A50: 8.1 | B50: SINAPI | C50: 87878 | D50: CHAPISCO APLICADO EM ALVENARIAS E ESTRUTURAS DE CONCRETO INTERNAS, COM COLHER DE PEDREIRO. ARGAMASSA TRAÇO 1:3 COM PREPARO MANUAL. AF_10/2022 | E50: m² | F50: =VLOOKUP(A50,MC!$A$16:$N$695,4,0) -> 145.08 | G50: 5.43 | H50: =G50*(1+$B$10) -> 6.650121 | I50: =TRUNC(F50*H50,2) -> 964.79 | J50: =I50/$I$80 -> 0.0045653175
A51: 8.2 | B51: SINAPI | C51: 104227 | D51: EMBOÇO OU MASSA ÚNICA EM ARGAMASSA INDUSTRIALIZADA, PREPARO MECÂNICA E APLICAÇÃO COM EQUIPAMENTO DE MISTURA E PROJEÇÃO DE 1,5 M3/H DE ARGAMASSA EM PANOS DE FACHADA COM PRESENÇA DE VÃOS, ESPESSURA DE 45 MM, ACESSO POR ANDAIME. AF_08/2022 | E51: m² | F51: =VLOOKUP(A51,MC!$A$16:$N$695,4,0) -> 18.6 | G51: 156.62 | H51: =G51*(1+$B$10) -> 191.81251 | I51: =TRUNC(F51*H51,2) -> 3567.71 | J51: =I51/$I$80 -> 0.016882149
A52: 8.3 | B52: SINAPI | C52: 104227 | D52: EMBOÇO OU MASSA ÚNICA EM ARGAMASSA INDUSTRIALIZADA, PREPARO MECÂNICA E APLICAÇÃO COM EQUIPAMENTO DE MISTURA E PROJEÇÃO DE 1,5 M3/H DE ARGAMASSA EM PANOS DE FACHADA COM PRESENÇA DE VÃOS, ESPESSURA DE 45 MM, ACESSO POR ANDAIME. AF_08/2022 | E52: m² | F52: =VLOOKUP(A52,MC!$A$16:$N$695,4,0) -> 145.08 | G52: 156.62 | H52: =G52*(1+$B$10) -> 191.81251 | I52: =TRUNC(F52*H52,2) -> 27828.15 | J52: =I52/$I$80 -> 0.13168082
A53: 8.4 | B53: SINAPI | C53: 87244 | D53: REVESTIMENTO CERÂMICO PARA PAREDES EXTERNAS EM PASTILHAS DE PORCELANA 5 X 5 CM (PLACAS DE 30 X 30 CM), ALINHADAS A PRUMO. AF_02/2023 | E53: m² | F53: =VLOOKUP(A53,MC!$A$16:$N$695,4,0) -> 145.08 | G53: 342.4 | H53: =G53*(1+$B$10) -> 419.33728 | I53: =TRUNC(F53*H53,2) -> 60837.45 | J53: =I53/$I$80 -> 0.28787847
A54: 9 | D54: INSTALAÇÕES ELÉTRICAS | I54: =SUM(I55:I64) -> 6372.11 | J54: =I54/$I$80 -> 0.03015237
A55: 9.1 | B55: ORSE | C55: 13388 | D55: Luminaria em LED p/ iluminação pública LED SMD AUTOVOLT 100 W, 5.000 K, IP-66, IRC 70, FP>0,95, 160lm/w,16.000 lm e 54.000h, com base para Relé 3 PINOS, modelo GL421 G-Light ou similar | E55: un | F55: =VLOOKUP(A55,MC!$A$16:$N$695,4,0) -> 2 | G55: 1012.09 | H55: =G55*(1+$B$10) -> 1239.5066 | I55: =TRUNC(F55*H55,2) -> 2479.01 | J55: =I55/$I$80 -> 0.011730498
A56: 9.2 | B56: SINAPI | C56: 101634 | D56: BRAÇO PARA ILUMINAÇÃO PÚBLICA, EM TUBO DE AÇO GALVANIZADO, COMPRIMENTO DE 1,20 M, PARA FIXAÇÃO EM POSTE DE CONCRETO - FORNECIMENTO E INSTALAÇÃO. AF_02/2025 | E56: UN | F56: =VLOOKUP(A56,MC!$A$16:$N$695,4,0) -> 2 | G56: 130.36 | H56: =G56*(1+$B$10) -> 159.65189 | I56: =TRUNC(F56*H56,2) -> 319.3 | J56: =I56/$I$80 -> 0.0015109048
A57: 9.3 | B57: SINAPI | C57: 96985 | D57: HASTE DE ATERRAMENTO, DIÂMETRO 5/8", COM 3 METROS - FORNECIMENTO E INSTALAÇÃO. AF_08/2023 | E57: UN | F57: =VLOOKUP(A57,MC!$A$16:$N$695,4,0) -> 1 | G57: 81.53 | H57: =G57*(1+$B$10) -> 99.849791 | I57: =TRUNC(F57*H57,2) -> 99.84 | J57: =I57/$I$80 -> 0.00047243576
A58: 9.4 | B58: SINAPI | C58: 101875 | D58: QUADRO DE DISTRIBUIÇÃO DE ENERGIA EM CHAPA DE AÇO GALVANIZADO, DE EMBUTIR, COM BARRAMENTO TRIFÁSICO, PARA 12 DISJUNTORES DIN 100A - FORNECIMENTO E INSTALAÇÃO. AF_10/2020 | E58: UN | F58: =VLOOKUP(A58,MC!$A$16:$N$695,4,0) -> 1 | G58: 349.44 | H58: =G58*(1+$B$10) -> 427.95917 | I58: =TRUNC(F58*H58,2) -> 427.95 | J58: =I58/$I$80 -> 0.0020250289
A59: 9.5 | B59: SINAPI | C59: 91929 | D59: CABO DE COBRE FLEXÍVEL ISOLADO, 4 MM², ANTI-CHAMA 0,6/1,0 KV, PARA CIRCUITOS TERMINAIS - FORNECIMENTO E INSTALAÇÃO. AF_03/2023 | E59: M | F59: =VLOOKUP(A59,MC!$A$16:$N$695,4,0) -> 150 | G59: 8.1 | H59: =G59*(1+$B$10) -> 9.92007 | I59: =TRUNC(F59*H59,2) -> 1488.01 | J59: =I59/$I$80 -> 0.0070411572
A60: 9.6 | B60: SINAPI | C60: 91926 | D60: CABO DE COBRE FLEXÍVEL ISOLADO, 2,5 MM², ANTI-CHAMA 450/750 V, PARA CIRCUITOS TERMINAIS - FORNECIMENTO E INSTALAÇÃO. AF_03/2023 | E60: M | F60: =VLOOKUP(A60,MC!$A$16:$N$695,4,0) -> 90.02 | G60: 4.87 | H60: =G60*(1+$B$10) -> 5.964289 | I60: =TRUNC(F60*H60,2) -> 536.9 | J60: =I60/$I$80 -> 0.0025405725
A61: 9.7 | B61: ORSE | C61: 2815 | D61: Caixa de passagem em alvenaria de tijolos maciços esp. = 0,12m, dim. int. = 0,30 x 0,30 x 0,40m | E61: un | F61: =VLOOKUP(A61,MC!$A$16:$N$695,4,0) -> 1 | G61: 159.28 | H61: =G61*(1+$B$10) -> 195.07022 | I61: =TRUNC(F61*H61,2) -> 195.07 | J61: =I61/$I$80 -> 0.00092305733
A62: 9.8 | B62: SINAPI | C62: 91863 | D62: ELETRODUTO RÍGIDO ROSCÁVEL, PVC, DN 25 MM (3/4"), PARA CIRCUITOS TERMINAIS, INSTALADO EM FORRO - FORNECIMENTO E INSTALAÇÃO. AF_03/2023 | E62: M | F62: =VLOOKUP(A62,MC!$A$16:$N$695,4,0) -> 49.09 | G62: 12.07 | H62: =G62*(1+$B$10) -> 14.782129 | I62: =TRUNC(F62*H62,2) -> 725.65 | J62: =I62/$I$80 -> 0.003433724
A63: 9.9 | B63: SINAPI | C63: 93653 | D63: DISJUNTOR MONOPOLAR TIPO DIN, CORRENTE NOMINAL DE 10A - FORNECIMENTO E INSTALAÇÃO. AF_10/2020 | E63: UN | F63: =VLOOKUP(A63,MC!$A$16:$N$695,4,0) -> 1 | G63: 10.93 | H63: =G63*(1+$B$10) -> 13.385971 | I63: =TRUNC(F63*H63,2) -> 13.38 | J63: =I63/$I$80 -> 6.3313206e-05
A64: 9.10 | B64: SINAPI | C64: 93669 | D64: DISJUNTOR TRIPOLAR TIPO DIN, CORRENTE NOMINAL DE 20A - FORNECIMENTO E INSTALAÇÃO. AF_10/2020 | E64: UN | F64: =VLOOKUP(A64,MC!$A$16:$N$695,4,0) -> 1 | G64: 71.04 | H64: =G64*(1+$B$10) -> 87.002688 | I64: =TRUNC(F64*H64,2) -> 87 | J64: =I64/$I$80 -> 0.00041167779
A65: 10 | D65: DRENAGEM SUPERFICIAL | I65: =SUM(I66:I68) -> 8170.54 | J65: =I65/$I$80 -> 0.038662412
A66: 10.1 | B66: SINAPI | C66: 94273 | D66: ASSENTAMENTO DE GUIA (MEIO-FIO) EM TRECHO RETO, CONFECCIONADA EM CONCRETO PRÉ-FABRICADO, DIMENSÕES 100X15X13X30 CM (COMPRIMENTO X BASE INFERIOR X BASE SUPERIOR X ALTURA). AF_01/2024 | E66: M | F66: =VLOOKUP(A66,MC!$A$16:$N$695,4,0) -> 73 | G66: 51.83 | H66: =G66*(1+$B$10) -> 63.476201 | I66: =TRUNC(F66*H66,2) -> 4633.76 | J66: =I66/$I$80 -> 0.021926622
A67: 10.2 | B67: SINAPI | C67: 94287 | D67: EXECUÇÃO DE SARJETA DE CONCRETO USINADO, MOLDADA IN LOCO EM TRECHO RETO, 30 CM BASE X 10 CM ALTURA. AF_01/2024 | E67: M | F67: =VLOOKUP(A67,MC!$A$16:$N$695,4,0) -> 73 | G67: 37.79 | H67: =G67*(1+$B$10) -> 46.281413 | I67: =TRUNC(F67*H67,2) -> 3378.54 | J67: =I67/$I$80 -> 0.01598701
A68: 10.3 | B68: SINAPI | C68: 102498 | D68: PINTURA DE MEIO-FIO COM TINTA BRANCA A BASE DE CAL (CAIAÇÃO). AF_05/2021 | E68: M | F68: =VLOOKUP(A68,MC!$A$16:$N$695,4,0) -> 73 | G68: 1.77 | H68: =G68*(1+$B$10) -> 2.167719 | I68: =TRUNC(F68*H68,2) -> 158.24 | J68: =I68/$I$80 -> 0.00074878039
A69: 11 | D69: PINTURA | I69: =SUM(I70:I71) -> 696.81 | J69: =I69/$I$80 -> 0.0032972552
A70: 11.1 | B70: SINAPI | C70: 88497 | D70: EMASSAMENTO COM MASSA LÁTEX, APLICAÇÃO EM PAREDE, DUAS DEMÃOS, LIXAMENTO MANUAL. AF_04/2023 | E70: m² | F70: =VLOOKUP(A70,MC!$A$16:$N$695,4,0) -> 18.6 | G70: 18.5 | H70: =G70*(1+$B$10) -> 22.65695 | I70: =TRUNC(F70*H70,2) -> 421.41 | J70: =I70/$I$80 -> 0.0019940821
A71: 11.2 | B71: SINAPI | C71: 104642 | D71: PINTURA LÁTEX ACRÍLICA STANDARD, APLICAÇÃO MANUAL EM PAREDES, DUAS DEMÃOS. AF_04/2023 | E71: m² | F71: =VLOOKUP(A71,MC!$A$16:$N$695,4,0) -> 18.6 | G71: 12.09 | H71: =G71*(1+$B$10) -> 14.806623 | I71: =TRUNC(F71*H71,2) -> 275.4 | J71: =I71/$I$80 -> 0.0013031732
A72: 12 | D72: DIVERSOS | I72: =SUM(I73:I76) -> 24571.05 | J72: =I72/$I$80 -> 0.11626846
A73: 12.1 | B73: SICRO3 | C73: 3713601 | D73: Ancoragem de defensa maleável simples - fornecimento e implantação | E73: m | F73: =VLOOKUP(A73,MC!$A$16:$N$695,4,0) -> 18.2 | G73: 800.15 | H73: =G73*(1+$B$10) -> 979.9437 | I73: =TRUNC(F73*H73,2) -> 17834.97 | J73: =I73/$I$80 -> 0.084393806
A74: 12.2 | B74: ORSE | C74: 2450 | D74: Limpeza geral | E74: m² | F74: =VLOOKUP(A74,MC!$A$16:$N$695,4,0) -> 61.63 | G74: 2.43 | H74: =G74*(1+$B$10) -> 2.976021 | I74: =TRUNC(F74*H74,2) -> 183.41 | J74: =I74/$I$80 -> 0.00086788304
A75: 12.3 | B75: SINAPI | C75: 00010775 | D75: LOCACAO DE CONTAINER 2,30 X 6,00 M, ALT. 2,50 M, COM 1 SANITARIO, PARA ESCRITORIO, COMPLETO, SEM DIVISORIAS INTERNAS (NAO INCLUI MOBILIZACAO/DESMOBILIZACAO) | E75: MES | F75: =VLOOKUP(A75,MC!$A$16:$N$695,4,0) -> 6 | G75: 847.5 | H75: =G75*(1+$B$10) -> 1037.9332 | I75: =TRUNC(F75*H75,2) -> 6227.59 | J75: =I75/$I$80 -> 0.029468512
A76: 12.4 | B76: SINAPI | C76: 105115 | D76: INSTALAÇÃO E DESINSTALAÇÃO MECANIZADA DE CONTÊINER OU MÓDULO HABITÁVEL DE USOS DIVERSOS. AF_03/2024 | E76: UN | F76: =VLOOKUP(A76,MC!$A$16:$N$695,4,0) -> 2 | G76: 132.72 | H76: =G76*(1+$B$10) -> 162.54218 | I76: =TRUNC(F76*H76,2) -> 325.08 | J76: =I76/$I$80 -> 0.0015382554
A77: 13 | D77: ADMINISTRAÇÃO LOCAL | I77: =SUM(I78) -> 18897.29 | J77: =I77/$I$80 -> 0.089420628
A78: 13.1 | B78: Próprio | C78: CPU.201 | D78: ADMINISTRAÇÃO LOCAL (PORTAL) | E78: UN | F78: =VLOOKUP(A78,MC!$A$16:$N$695,4,0) -> 1 | G78: =CPU!G29 -> 15430.14 | H78: =G78*(1+$B$10) -> 18897.292 | I78: =TRUNC(F78*H78,2) -> 18897.29 | J78: =I78/$I$80 -> 0.089420628
A80: TOTAL GERAL | I80: =SUM(I18,I20,I25,I35,I38,I42,I47,I49,I54,I65,I69,I72,I77) -> 211330.32 | J80: =SUM(J18,J20,J25,J35,J38,J42,J47,J49,J54,J65,J69,J72,J77) -> 1
M81: =I80-'CURVA ABC'!H65 -> 0
C82: Importa o seguinte orçamento em: | D82: =I80 -> 211330.32
D83: Duzentos e Onze Mil e Trezentos e Trinta Reais e Trinta e Dois Centavos
A85: =DADOS!$C$12 -> Paço do Lumiar-MA, 06 de outubro de 2025.
M86: DESONERADA | N86: 341972
M87: ONERADA | N87: 328509.56
E88: ______________________________________
E89: =DADOS!$C$14 -> Fernando Aragão Costa
E90: =DADOS!$C$15 -> Engenheiro
E91: =DADOS!$C$16 -> 1115360060
K109: =UPPER(#REF!) -> #REF!
H1048514: =G1048514*(1+$B$10) -> 0

Sheet MC
A5: OBJETO: | B5: =DADOS!$C$2 -> CONTRATAÇÃO DE EMPRESA ESPECIALIZADA EM CONSTRUÇÃO PARA CONCLUSÃO DE 01 PORTAL TURÍSTICO EM PAÇO DO LUMIAR – MA, LOCALIZADO NA RUA ANTÔNIO, VILA DO PAÇO, REFERENTE AO CONTRATO DE REPASSE Nº 832525/2016/MTUR/CAIXA” CONFORME SUAS ATUALIZAÇÕES DE META E REPROGRAMAÇÃO”, EM ACORDO COM O PROJETO BÁSICO
A6: Local: | B6: =DADOS!$C$3 -> PAÇO DO LUMIAR -MA.
A8: Data Base: | B8: =DADOS!C$4 -> SINAPI 04/2025 - Maranhão; SICRO3 01/2025 - Maranhão; ORSE 02/2025 - Sergipe; SEINFRA 028 - Ceará
A9: BDI: | B9: =DADOS!$C$5 -> 0.2247 | L9: ENCARGOS SOCIAIS: | M9: =DADOS!$C$7 -> SEM DESONERAÇÃO
A10: Revisão: | B10: =DADOS!$C$10 -> 0 | L10: Horista | M10: =DADOS!$C$8 -> 1.1273
L11: Mensalista | M11: =DADOS!$C$9 -> 0.7019
A13: MEMÓRIA DE CÁLCULO
A15: ITEM | B15: DESCRIÇÃO | C15: UNID | D15: QUANT. | I15: QUANT. | J15: QUANT. POR UNIDADE DE KIT | N15: TOTAL
A16: 1 | B16: =VLOOKUP(A16,SINTÉTICA!$A$18:$J$80,4,0) -> SERVIÇOS PRELIMINARES
A17: 1.1 | B17: =VLOOKUP(A17,SINTÉTICA!$A$18:$J$80,4,0) -> LOCAÇÃO CONVENCIONAL DE OBRA, UTILIZANDO GABARITO DE TÁBUAS CORRIDAS PONTALETADAS A CADA 1,50M - 2 UTILIZAÇÕES. AF_03/2024 | C17: M | D17: =N17 -> 0 | J17: 0 | N17: =TRUNC(PRODUCT(F17:M17),2) -> 0
A18: 2 | B18: =VLOOKUP(A18,SINTÉTICA!$A$18:$J$80,4,0) -> SERVIÇOS DE TERRAPLENAGEM
A19: 2.1 | B19: =VLOOKUP(A19,SINTÉTICA!$A$18:$J$80,4,0) -> LIMPEZA MANUAL DE VEGETAÇÃO EM TERRENO COM ENXADA. AF_03/2024 | C19: m² | D19: =N19 -> 0 | J19: 0 | N19: =TRUNC(PRODUCT(F19:M19),2) -> 0
A20: 2.2 | B20: =VLOOKUP(A20,SINTÉTICA!$A$18:$J$80,4,0) -> ESCAVAÇÃO DE VALA EM MATERIAL DE 3ª CATEGORIA, RESISTÊNCIA À COMPRESSÃO MENOR QUE 50 MPA, COM ROMPEDOR ACOPLADO EM ESCAVADEIRA HIDRÁULICA - EXCLUSIVE RETIRADA, CARGA E TRANSPORTE. AF_03/2021 | C20: m³ | D20: =N20 -> 0 | J20: 0 | N20: =TRUNC(PRODUCT(F20:M20),2) -> 0
A21: 2.3 | B21: =VLOOKUP(A21,SINTÉTICA!$A$18:$J$80,4,0) -> TRANSPORTE COM CAMINHÃO BASCULANTE DE 6 M³, EM VIA INTERNA (DENTRO DO CANTEIRO - UNIDADE: M3XKM). AF_07/2020 | C21: M3XKM | D21: =N21 -> 0 | J21: 0 | N21: =TRUNC(PRODUCT(F21:M21),2) -> 0
A22: 2.4 | B22: =VLOOKUP(A22,SINTÉTICA!$A$18:$J$80,4,0) -> ESPALHAMENTO DE MATERIAL COM TRATOR DE ESTEIRAS. AF_09/2024 | C22: m³ | D22: =N22 -> 0 | J22: 0 | N22: =TRUNC(PRODUCT(F22:M22),2) -> 0
A23: 3 | B23: =VLOOKUP(A23,SINTÉTICA!$A$18:$J$80,4,0) -> INFRAESTRUTURA E SUPERESTRUTURA
A24: 3.1 | B24: =VLOOKUP(A24,SINTÉTICA!$A$18:$J$80,4,0) -> ESCAVAÇÃO MANUAL DE VALA. AF_09/2024 | C24: m³ | D24: =N24 -> 0 | J24: 0 | N24: =TRUNC(PRODUCT(F24:M24),2) -> 0
A25: 3.2 | B25: =VLOOKUP(A25,SINTÉTICA!$A$18:$J$80,4,0) -> REATERRO MANUAL DE VALAS, COM COMPACTADOR DE SOLOS DE PERCUSSÃO. AF_08/2023 | C25: m³ | D25: =N25 -> 0 | J25: 0 | N25: =TRUNC(PRODUCT(F25:M25),2) -> 0
A26: 3.3 | B26: =VLOOKUP(A26,SINTÉTICA!$A$18:$J$80,4,0) -> ALVENARIA DE EMBASAMENTO COM BLOCO ESTRUTURAL DE CERÂMICA, DE 14X19X29CM E ARGAMASSA DE ASSENTAMENTO COM PREPARO EM BETONEIRA. AF_05/2020 | C26: m³ | D26: =N26 -> 0 | J26: 0 | N26: =TRUNC(PRODUCT(F26:M26),2) -> 0
A27: 3.4 | B27: =VLOOKUP(A27,SINTÉTICA!$A$18:$J$80,4,0) -> ALVENARIA DE EMBASAMENTO COM BLOCO ESTRUTURAL DE CERÂMICA, DE 14X19X29CM E ARGAMASSA DE ASSENTAMENTO COM PREPARO EM BETONEIRA. AF_05/2020 | C27: m³ | D27: =N27 -> 0 | J27: 0 | N27: =TRUNC(PRODUCT(F27:M27),2) -> 0
A28: 3.5 | B28: =VLOOKUP(A28,SINTÉTICA!$A$18:$J$80,4,0) -> Concreto Armado fck=30,0MPa, usinado, bombeado, adensado e lançado, para uso Geral, com formas planas em compensado resinado 12mm (05 usos) | C28: m³ | D28: =N28 -> 0 | J28: 0 | N28: =TRUNC(PRODUCT(F28:M28),2) -> 0
A29: 3.6 | B29: =VLOOKUP(A29,SINTÉTICA!$A$18:$J$80,4,0) -> CINTA DE AMARRAÇÃO DE ALVENARIA MOLDADA IN LOCO COM UTILIZAÇÃO DE BLOCOS CANALETA, ESPESSURA DE *15* CM. AF_03/2024 | C29: M | D29: =N29 -> 0 | J29: 0 | N29: =TRUNC(PRODUCT(F29:M29),2) -> 0
A30: 3.7 | B30: =VLOOKUP(A30,SINTÉTICA!$A$18:$J$80,4,0) -> Pilar Concreto Armado | C30: m³ | D30: =N30 -> 0 | J30: 0 | N30: =TRUNC(PRODUCT(F30:M30),2) -> 0
A31: 3.8 | B31: =VLOOKUP(A31,SINTÉTICA!$A$18:$J$80,4,0) -> Viga Concreto Armado | C31: m³ | D31: =N31 -> 0 | J31: 0 | N31: =TRUNC(PRODUCT(F31:M31),2) -> 0
A32: 3.9 | B32: =VLOOKUP(A32,SINTÉTICA!$A$18:$J$80,4,0) -> Laje pré-fabricada treliçada com vigota dupla para piso, intereixo 38cm, h=12cm, enchimento em bloco cerâmico h=8cm, inclusive escoramento em madeira e capeamento 4cm. | C32: m² | D32: =N32 -> 12.96 | J32: 12.96 | N32: =TRUNC(PRODUCT(F32:M32),2) -> 12.96
A33: 4 | B33: =VLOOKUP(A33,SINTÉTICA!$A$18:$J$80,4,0) -> ESTRUTURA METÁLICA
A34: 4.1 | B34: =VLOOKUP(A34,SINTÉTICA!$A$18:$J$80,4,0) -> Viga metálica, em perfil Perfil Aço Laminado, H - W200 x 22,5 kg/m ASTM A 572 Grau 50, pintura 01 demão epoxi fundo óxido ferro + 02 demãos esmalte epoxi branco | C34: m | D34: =N34 -> 30.4 | J34: 30.4 | N34: =TRUNC(PRODUCT(F34:M34),2) -> 30.4
A35: 4.2 | B35: =VLOOKUP(A35,SINTÉTICA!$A$18:$J$80,4,0) -> Revestimento metálico em alumínio composto (Alucobond ou similar) dobrado, e=0,3mm, na cor cobre, 1,00 nx 1,00m, exclusive estrutura metálica - fornecimento e montagem - Obra do Centro de Convenções de Sergipe | C35: m² | D35: =N35 -> 81 | J35: 81 | N35: =TRUNC(PRODUCT(F35:M35),2) -> 81
A36: 5 | B36: =VLOOKUP(A36,SINTÉTICA!$A$18:$J$80,4,0) -> COBERTURA
A37: 5.1 | B37: =VLOOKUP(A37,SINTÉTICA!$A$18:$J$80,4,0) -> TRAMA DE MADEIRA COMPOSTA POR RIPAS, CAIBROS E TERÇAS PARA TELHADOS DE MAIS QUE 2 ÁGUAS PARA TELHA CERÂMICA CAPA-CANAL, INCLUSO TRANSPORTE VERTICAL. AF_07/2019 | C37: m² | D37: =N37 -> 57.76 | J37: 57.76 | N37: =TRUNC(PRODUCT(F37:M37),2) -> 57.76
A38: 5.2 | B38: =VLOOKUP(A38,SINTÉTICA!$A$18:$J$80,4,0) -> TELHAMENTO COM TELHA CERÂMICA DE ENCAIXE, TIPO FRANCESA, COM MAIS DE 2 ÁGUAS, INCLUSO TRANSPORTE VERTICAL. AF_07/2019 | C38: m² | D38: =N38 -> 57.76 | J38: 57.76 | N38: =TRUNC(PRODUCT(F38:M38),2) -> 57.76
A39: 5.3 | B39: =VLOOKUP(A39,SINTÉTICA!$A$18:$J$80,4,0) -> EMBOÇAMENTO COM ARGAMASSA TRAÇO 1:2:9 (CIMENTO, CAL E AREIA). AF_07/2019 | C39: M | D39: =N39 -> 30.4 | J39: 30.4 | N39: =TRUNC(PRODUCT(F39:M39),2) -> 30.4
A40: 6 | B40: =VLOOKUP(A40,SINTÉTICA!$A$18:$J$80,4,0) -> PISOS
A41: 6.1 | B41: =VLOOKUP(A41,SINTÉTICA!$A$18:$J$80,4,0) -> REGULARIZAÇÃO DE SUPERFÍCIES COM MOTONIVELADORA. AF_09/2024 | C41: m² | D41: =N41 -> 0 | J41: 0 | N41: =TRUNC(PRODUCT(F41:M41),2) -> 0
A42: 6.2 | B42: =VLOOKUP(A42,SINTÉTICA!$A$18:$J$80,4,0) -> CONTRAPISO EM ARGAMASSA TRAÇO 1:4 (CIMENTO E AREIA), PREPARO MANUAL, APLICADO EM ÁREAS SECAS SOBRE LAJE, NÃO ADERIDO, ACABAMENTO NÃO REFORÇADO, ESPESSURA 5CM. AF_07/2021 | C42: m² | D42: =N42 -> 48.67 | J42: 48.67 | N42: =TRUNC(PRODUCT(F42:M42),2) -> 48.67
A43: 6.3 | B43: =VLOOKUP(A43,SINTÉTICA!$A$18:$J$80,4,0) -> EXECUÇÃO DE PASSEIO (CALÇADA) OU PISO DE CONCRETO COM CONCRETO MOLDADO IN LOCO, FEITO EM OBRA, ACABAMENTO CONVENCIONAL, ESPESSURA 8 CM, ARMADO. AF_08/2022 | C43: m² | D43: =N43 -> 48.67 | J43: 48.67 | N43: =TRUNC(PRODUCT(F43:M43),2) -> 48.67
A44: 6.4 | B44: =VLOOKUP(A44,SINTÉTICA!$A$18:$J$80,4,0) -> PISO PODOTÁTIL DE ALERTA OU DIRECIONAL, DE CONCRETO, ASSENTADO SOBRE ARGAMASSA. AF_03/2024 | C44: m² | D44: =N44 -> 10.95 | J44: 10.95 | N44: =TRUNC(PRODUCT(F44:M44),2) -> 10.95
A45: 7 | B45: =VLOOKUP(A45,SINTÉTICA!$A$18:$J$80,4,0) -> ALVENARIA
A46: 7.1 | B46: =VLOOKUP(A46,SINTÉTICA!$A$18:$J$80,4,0) -> ALVENARIA DE VEDAÇÃO DE BLOCOS CERÂMICOS FURADOS NA HORIZONTAL DE 14X19X29 CM (ESPESSURA 14 CM) E ARGAMASSA DE ASSENTAMENTO COM PREPARO MANUAL. AF_12/2021 | C46: m² | D46: =N46 -> 36.27 | J46: 36.27 | N46: =TRUNC(PRODUCT(F46:M46),2) -> 36.27
A47: 8 | B47: =VLOOKUP(A47,SINTÉTICA!$A$18:$J$80,4,0) -> REVESTIMENTO
A48: 8.1 | B48: =VLOOKUP(A48,SINTÉTICA!$A$18:$J$80,4,0) -> CHAPISCO APLICADO EM ALVENARIAS E ESTRUTURAS DE CONCRETO INTERNAS, COM COLHER DE PEDREIRO. ARGAMASSA TRAÇO 1:3 COM PREPARO MANUAL. AF_10/2022 | C48: m² | D48: =N48 -> 145.08 | J48: 145.08 | N48: =TRUNC(PRODUCT(F48:M48),2) -> 145.08
A49: 8.2 | B49: =VLOOKUP(A49,SINTÉTICA!$A$18:$J$80,4,0) -> EMBOÇO OU MASSA ÚNICA EM ARGAMASSA INDUSTRIALIZADA, PREPARO MECÂNICA E APLICAÇÃO COM EQUIPAMENTO DE MISTURA E PROJEÇÃO DE 1,5 M3/H DE ARGAMASSA EM PANOS DE FACHADA COM PRESENÇA DE VÃOS, ESPESSURA DE 45 MM, ACESSO POR ANDAIME. AF_08/2022 | C49: m² | D49: =N49 -> 18.6 | J49: 18.6 | N49: =TRUNC(PRODUCT(F49:M49),2) -> 18.6
A50: 8.3 | B50: =VLOOKUP(A50,SINTÉTICA!$A$18:$J$80,4,0) -> EMBOÇO OU MASSA ÚNICA EM ARGAMASSA INDUSTRIALIZADA, PREPARO MECÂNICA E APLICAÇÃO COM EQUIPAMENTO DE MISTURA E PROJEÇÃO DE 1,5 M3/H DE ARGAMASSA EM PANOS DE FACHADA COM PRESENÇA DE VÃOS, ESPESSURA DE 45 MM, ACESSO POR ANDAIME. AF_08/2022 | C50: m² | D50: =N50 -> 145.08 | J50: 145.08 | N50: =TRUNC(PRODUCT(F50:M50),2) -> 145.08
A51: 8.4 | B51: =VLOOKUP(A51,SINTÉTICA!$A$18:$J$80,4,0) -> REVESTIMENTO CERÂMICO PARA PAREDES EXTERNAS EM PASTILHAS DE PORCELANA 5 X 5 CM (PLACAS DE 30 X 30 CM), ALINHADAS A PRUMO. AF_02/2023 | C51: m² | D51: =N51 -> 145.08 | J51: 145.08 | N51: =TRUNC(PRODUCT(F51:M51),2) -> 145.08
A52: 9 | B52: =VLOOKUP(A52,SINTÉTICA!$A$18:$J$80,4,0) -> INSTALAÇÕES ELÉTRICAS
A53: 9.1 | B53: =VLOOKUP(A53,SINTÉTICA!$A$18:$J$80,4,0) -> Luminaria em LED p/ iluminação pública LED SMD AUTOVOLT 100 W, 5.000 K, IP-66, IRC 70, FP>0,95, 160lm/w,16.000 lm e 54.000h, com base para Relé 3 PINOS, modelo GL421 G-Light ou similar | C53: un | D53: =N53 -> 2 | J53: 2 | N53: =TRUNC(PRODUCT(F53:M53),2) -> 2
A54: 9.2 | B54: =VLOOKUP(A54,SINTÉTICA!$A$18:$J$80,4,0) -> BRAÇO PARA ILUMINAÇÃO PÚBLICA, EM TUBO DE AÇO GALVANIZADO, COMPRIMENTO DE 1,20 M, PARA FIXAÇÃO EM POSTE DE CONCRETO - FORNECIMENTO E INSTALAÇÃO. AF_02/2025 | C54: UN | D54: =N54 -> 2 | J54: 2 | N54: =TRUNC(PRODUCT(F54:M54),2) -> 2
A55: 9.3 | B55: =VLOOKUP(A55,SINTÉTICA!$A$18:$J$80,4,0) -> HASTE DE ATERRAMENTO, DIÂMETRO 5/8", COM 3 METROS - FORNECIMENTO E INSTALAÇÃO. AF_08/2023 | C55: UN | D55: =N55 -> 1 | J55: 1 | N55: =TRUNC(PRODUCT(F55:M55),2) -> 1
A56: 9.4 | B56: =VLOOKUP(A56,SINTÉTICA!$A$18:$J$80,4,0) -> QUADRO DE DISTRIBUIÇÃO DE ENERGIA EM CHAPA DE AÇO GALVANIZADO, DE EMBUTIR, COM BARRAMENTO TRIFÁSICO, PARA 12 DISJUNTORES DIN 100A - FORNECIMENTO E INSTALAÇÃO. AF_10/2020 | C56: UN | D56: =N56 -> 1 | J56: 1 | N56: =TRUNC(PRODUCT(F56:M56),2) -> 1
A57: 9.5 | B57: =VLOOKUP(A57,SINTÉTICA!$A$18:$J$80,4,0) -> CABO DE COBRE FLEXÍVEL ISOLADO, 4 MM², ANTI-CHAMA 0,6/1,0 KV, PARA CIRCUITOS TERMINAIS - FORNECIMENTO E INSTALAÇÃO. AF_03/2023 | C57: M | D57: =N57 -> 150 | J57: 150 | N57: =TRUNC(PRODUCT(F57:M57),2) -> 150
A58: 9.6 | B58: =VLOOKUP(A58,SINTÉTICA!$A$18:$J$80,4,0) -> CABO DE COBRE FLEXÍVEL ISOLADO, 2,5 MM², ANTI-CHAMA 450/750 V, PARA CIRCUITOS TERMINAIS - FORNECIMENTO E INSTALAÇÃO. AF_03/2023 | C58: M | D58: =N58 -> 90.02 | J58: 90.02 | N58: =TRUNC(PRODUCT(F58:M58),2) -> 90.02
A59: 9.7 | B59: =VLOOKUP(A59,SINTÉTICA!$A$18:$J$80,4,0) -> Caixa de passagem em alvenaria de tijolos maciços esp. = 0,12m, dim. int. = 0,30 x 0,30 x 0,40m | C59: un | D59: =N59 -> 1 | J59: 1 | N59: =TRUNC(PRODUCT(F59:M59),2) -> 1
A60: 9.8 | B60: =VLOOKUP(A60,SINTÉTICA!$A$18:$J$80,4,0) -> ELETRODUTO RÍGIDO ROSCÁVEL, PVC, DN 25 MM (3/4"), PARA CIRCUITOS TERMINAIS, INSTALADO EM FORRO - FORNECIMENTO E INSTALAÇÃO. AF_03/2023 | C60: M | D60: =N60 -> 49.09 | J60: 49.09 | N60: =TRUNC(PRODUCT(F60:M60),2) -> 49.09
A61: 9.9 | B61: =VLOOKUP(A61,SINTÉTICA!$A$18:$J$80,4,0) -> DISJUNTOR MONOPOLAR TIPO DIN, CORRENTE NOMINAL DE 10A - FORNECIMENTO E INSTALAÇÃO. AF_10/2020 | C61: UN | D61: =N61 -> 1 | J61: 1 | N61: =TRUNC(PRODUCT(F61:M61),2) -> 1
A62: 9.10 | B62: =VLOOKUP(A62,SINTÉTICA!$A$18:$J$80,4,0) -> DISJUNTOR TRIPOLAR TIPO DIN, CORRENTE NOMINAL DE 20A - FORNECIMENTO E INSTALAÇÃO. AF_10/2020 | C62: UN | D62: =N62 -> 1 | J62: 1 | N62: =TRUNC(PRODUCT(F62:M62),2) -> 1
A63: 10 | B63: =VLOOKUP(A63,SINTÉTICA!$A$18:$J$80,4,0) -> DRENAGEM SUPERFICIAL
A64: 10.1 | B64: =VLOOKUP(A64,SINTÉTICA!$A$18:$J$80,4,0) -> ASSENTAMENTO DE GUIA (MEIO-FIO) EM TRECHO RETO, CONFECCIONADA EM CONCRETO PRÉ-FABRICADO, DIMENSÕES 100X15X13X30 CM (COMPRIMENTO X BASE INFERIOR X BASE SUPERIOR X ALTURA). AF_01/2024 | C64: M | D64: =N64 -> 73 | J64: 73 | N64: =TRUNC(PRODUCT(F64:M64),2) -> 73
A65: 10.2 | B65: =VLOOKUP(A65,SINTÉTICA!$A$18:$J$80,4,0) -> EXECUÇÃO DE SARJETA DE CONCRETO USINADO, MOLDADA IN LOCO EM TRECHO RETO, 30 CM BASE X 10 CM ALTURA. AF_01/2024 | C65: M | D65: =N65 -> 73 | J65: 73 | N65: =TRUNC(PRODUCT(F65:M65),2) -> 73
A66: 10.3 | B66: =VLOOKUP(A66,SINTÉTICA!$A$18:$J$80,4,0) -> PINTURA DE MEIO-FIO COM TINTA BRANCA A BASE DE CAL (CAIAÇÃO). AF_05/2021 | C66: M | D66: =N66 -> 73 | J66: 73 | N66: =TRUNC(PRODUCT(F66:M66),2) -> 73
A67: 11 | B67: =VLOOKUP(A67,SINTÉTICA!$A$18:$J$80,4,0) -> PINTURA
A68: 11.1 | B68: =VLOOKUP(A68,SINTÉTICA!$A$18:$J$80,4,0) -> EMASSAMENTO COM MASSA LÁTEX, APLICAÇÃO EM PAREDE, DUAS DEMÃOS, LIXAMENTO MANUAL. AF_04/2023 | C68: m² | D68: =N68 -> 18.6 | J68: 18.6 | N68: =TRUNC(PRODUCT(F68:M68),2) -> 18.6
A69: 11.2 | B69: =VLOOKUP(A69,SINTÉTICA!$A$18:$J$80,4,0) -> PINTURA LÁTEX ACRÍLICA STANDARD, APLICAÇÃO MANUAL EM PAREDES, DUAS DEMÃOS. AF_04/2023 | C69: m² | D69: =N69 -> 18.6 | J69: 18.6 | N69: =TRUNC(PRODUCT(F69:M69),2) -> 18.6
A70: 12 | B70: =VLOOKUP(A70,SINTÉTICA!$A$18:$J$80,4,0) -> DIVERSOS
A71: 12.1 | B71: =VLOOKUP(A71,SINTÉTICA!$A$18:$J$80,4,0) -> Ancoragem de defensa maleável simples - fornecimento e implantação | C71: m | D71: =N71 -> 18.2 | J71: 18.2 | N71: =TRUNC(PRODUCT(F71:M71),2) -> 18.2
A72: 12.2 | B72: =VLOOKUP(A72,SINTÉTICA!$A$18:$J$80,4,0) -> Limpeza geral | C72: m² | D72: =N72 -> 61.63 | J72: 61.63 | N72: =TRUNC(PRODUCT(F72:M72),2) -> 61.63
A73: 12.3 | B73: =VLOOKUP(A73,SINTÉTICA!$A$18:$J$80,4,0) -> LOCACAO DE CONTAINER 2,30 X 6,00 M, ALT. 2,50 M, COM 1 SANITARIO, PARA ESCRITORIO, COMPLETO, SEM DIVISORIAS INTERNAS (NAO INCLUI MOBILIZACAO/DESMOBILIZACAO) | C73: MES | D73: =N73 -> 6 | J73: 6 | N73: =TRUNC(PRODUCT(F73:M73),2) -> 6
A74: 12.4 | B74: =VLOOKUP(A74,SINTÉTICA!$A$18:$J$80,4,0) -> INSTALAÇÃO E DESINSTALAÇÃO MECANIZADA DE CONTÊINER OU MÓDULO HABITÁVEL DE USOS DIVERSOS. AF_03/2024 | C74: UN | D74: =N74 -> 2 | J74: 2 | N74: =TRUNC(PRODUCT(F74:M74),2) -> 2
A75: 13 | B75: =VLOOKUP(A75,SINTÉTICA!$A$18:$J$80,4,0) -> ADMINISTRAÇÃO LOCAL
A76: 13.1 | B76: =VLOOKUP(A76,SINTÉTICA!$A$18:$J$80,4,0) -> ADMINISTRAÇÃO LOCAL (PORTAL) | C76: UN | D76: =N76 -> 1 | J76: 1 | N76: =TRUNC(PRODUCT(F76:M76),2) -> 1
A79: =DADOS!$C$12 -> Paço do Lumiar-MA, 06 de outubro de 2025.
H84: _______________________________________
H85: =DADOS!$C$14 -> Fernando Aragão Costa
H86: =DADOS!$C$15 -> Engenheiro
H87: =DADOS!$C$16 -> 1115360060
I1048512: 156

Sheet CURVA ABC
A1: 11.67 | B1: 11.22 | C1: 11.22 | D1: 80.89 | E1: 7.44 | F1: 12.67 | G1: 10.78 | H1: 19.67 | I1: 9.67 | J1: 9.67 | K1: 8.33 | M1: =SUM(A1:K1) -> 193.23
A5: OBJETO: | B5: =DADOS!$C$2 -> CONTRATAÇÃO DE EMPRESA ESPECIALIZADA EM CONSTRUÇÃO PARA CONCLUSÃO DE 01 PORTAL TURÍSTICO EM PAÇO DO LUMIAR – MA, LOCALIZADO NA RUA ANTÔNIO, VILA DO PAÇO, REFERENTE AO CONTRATO DE REPASSE Nº 832525/2016/MTUR/CAIXA” CONFORME SUAS ATUALIZAÇÕES DE META E REPROGRAMAÇÃO”, EM ACORDO COM O PROJETO BÁSICO
A6: Local: | B6: =DADOS!$C$3 -> PAÇO DO LUMIAR -MA.
A8: Data Base: | B8: =DADOS!C$4 -> SINAPI 04/2025 - Maranhão; SICRO3 01/2025 - Maranhão; ORSE 02/2025 - Sergipe; SEINFRA 028 - Ceará
A9: BDI: | B9: =DADOS!$C$5 -> 0.2247 | H9: ENCARGOS SOCIAIS: | I9: =DADOS!$C$7 -> SEM DESONERAÇÃO
A10: Revisão: | B10: =DADOS!$C$10 -> 0 | H10: Horista | I10: =DADOS!$C$8 -> 1.1273
H11: Mensalista | I11: =DADOS!$C$9 -> 0.7019
A13: CURVA ABC - SERVIÇOS
A15: ITEM | B15: FONTE | C15: CÓDIGO | D15: DISCRIMINAÇÃO DOS SERVIÇOS | E15: UNID | F15: QUANT. | G15: PREÇO UNIT. C/ BDI | H15: PREÇO TOTAL | I15: PESO (%) | J15: ACUM. (%) | K15: CURVA
A16: 8.4 | B16: =VLOOKUP(A16,SINTÉTICA!$A$18:$H$169,2,0) -> SINAPI | C16: =VLOOKUP(A16,SINTÉTICA!$A$18:$H$169,3,0) -> 87244 | D16: =VLOOKUP(A16,SINTÉTICA!$A$18:$H$169,4,0) -> REVESTIMENTO CERÂMICO PARA PAREDES EXTERNAS EM PASTILHAS DE PORCELANA 5 X 5 CM (PLACAS DE 30 X 30 CM), ALINHADAS A PRUMO. AF_02/2023 | E16: =VLOOKUP(A16,SINTÉTICA!$A$18:$H$169,5,0) -> m² | F16: =VLOOKUP(A16,SINTÉTICA!$A$18:$J$165,6,0) -> 145.08 | G16: =VLOOKUP(A16,SINTÉTICA!$A$18:$J$156,8,0) -> 419.33728 | H16: =TRUNC(F16*G16,2) -> 60837.45 | I16: =H16/$H$65 -> 0.28787847 | J16: =I16 -> 0.28787847 | K16: =IF(J16<=$H$71,"A",IF(J16<=$H$72+$H$71,"B","C")) -> A | L16: =ROUNDUP(F16*0.45,2) -> 65.29 | M16: =F16/2 -> 72.54 | O16: =F16/2 -> 72.54
A17: 8.3 | B17: =VLOOKUP(A17,SINTÉTICA!$A$18:$H$169,2,0) -> SINAPI | C17: =VLOOKUP(A17,SINTÉTICA!$A$18:$H$169,3,0) -> 104227 | D17: =VLOOKUP(A17,SINTÉTICA!$A$18:$H$169,4,0) -> EMBOÇO OU MASSA ÚNICA EM ARGAMASSA INDUSTRIALIZADA, PREPARO MECÂNICA E APLICAÇÃO COM EQUIPAMENTO DE MISTURA E PROJEÇÃO DE 1,5 M3/H DE ARGAMASSA EM PANOS DE FACHADA COM PRESENÇA DE VÃOS, ESPESSURA DE 45 MM, ACESSO POR ANDAIME. AF_08/2022 | E17: =VLOOKUP(A17,SINTÉTICA!$A$18:$H$169,5,0) -> m² | F17: =VLOOKUP(A17,SINTÉTICA!$A$18:$J$165,6,0) -> 145.08 | G17: =VLOOKUP(A17,SINTÉTICA!$A$18:$J$156,8,0) -> 191.81251 | H17: =TRUNC(F17*G17,2) -> 27828.15 | I17: =H17/$H$65 -> 0.13168082 | J17: =J16+I17 -> 0.41955929 | K17: =IF(J17<=$H$71,"A",IF(J17<=$H$72+$H$71,"B","C")) -> A | L17: =ROUNDUP(F17*0.45,2) -> 65.29 | M17: =F17/2 -> 72.54 | O17: =F17/2 -> 72.54
A18: 4.2 | B18: =VLOOKUP(A18,SINTÉTICA!$A$18:$H$169,2,0) -> ORSE | C18: =VLOOKUP(A18,SINTÉTICA!$A$18:$H$169,3,0) -> 11099 | D18: =VLOOKUP(A18,SINTÉTICA!$A$18:$H$169,4,0) -> Revestimento metálico em alumínio composto (Alucobond ou similar) dobrado, e=0,3mm, na cor cobre, 1,00 nx 1,00m, exclusive estrutura metálica - fornecimento e montagem - Obra do Centro de Convenções de Sergipe | E18: =VLOOKUP(A18,SINTÉTICA!$A$18:$H$169,5,0) -> m² | F18: =VLOOKUP(A18,SINTÉTICA!$A$18:$J$165,6,0) -> 81 | G18: =VLOOKUP(A18,SINTÉTICA!$A$18:$J$156,8,0) -> 318.55672 | H18: =TRUNC(F18*G18,2) -> 25803.09 | I18: =H18/$H$65 -> 0.12209838 | J18: =J17+I18 -> 0.54165768 | K18: =IF(J18<=$H$71,"A",IF(J18<=$H$72+$H$71,"B","C")) -> A | L18: =ROUNDUP(F18*0.45,2) -> 36.45 | O18: =F18/2 -> 40.5
A19: 12.1 | B19: =VLOOKUP(A19,SINTÉTICA!$A$18:$H$169,2,0) -> SICRO3 | C19: =VLOOKUP(A19,SINTÉTICA!$A$18:$H$169,3,0) -> 3713601 | D19: =VLOOKUP(A19,SINTÉTICA!$A$18:$H$169,4,0) -> Ancoragem de defensa maleável simples - fornecimento e implantação | E19: =VLOOKUP(A19,SINTÉTICA!$A$18:$H$169,5,0) -> m | F19: =VLOOKUP(A19,SINTÉTICA!$A$18:$J$165,6,0) -> 18.2 | G19: =VLOOKUP(A19,SINTÉTICA!$A$18:$J$156,8,0) -> 979.9437 | H19: =TRUNC(F19*G19,2) -> 17834.97 | I19: =H19/$H$65 -> 0.084393806 | J19: =J18+I19 -> 0.62605148 | K19: =IF(J19<=$H$71,"A",IF(J19<=$H$72+$H$71,"B","C")) -> A | L19: =ROUNDUP(F19*0.45,2) -> 8.19 | O19: =F19/2 -> 9.1
A20: 13.1 | B20: =VLOOKUP(A20,SINTÉTICA!$A$18:$H$169,2,0) -> Próprio | C20: =VLOOKUP(A20,SINTÉTICA!$A$18:$H$169,3,0) -> CPU.201 | D20: =VLOOKUP(A20,SINTÉTICA!$A$18:$H$169,4,0) -> ADMINISTRAÇÃO LOCAL (PORTAL) | E20: =VLOOKUP(A20,SINTÉTICA!$A$18:$H$169,5,0) -> UN | F20: =VLOOKUP(A20,SINTÉTICA!$A$18:$J$165,6,0) -> 1 | G20: =VLOOKUP(A20,SINTÉTICA!$A$18:$J$156,8,0) -> 18897.292 | H20: =TRUNC(F20*G20,2) -> 18897.29 | I20: =H20/$H$65 -> 0.089420628 | J20: =J19+I20 -> 0.71547211 | K20: =IF(J20<=$H$71,"A",IF(J20<=$H$72+$H$71,"B","C")) -> B | O20: =F20/2 -> 0.5
A21: 5.1 | B21: =VLOOKUP(A21,SINTÉTICA!$A$18:$H$169,2,0) -> SINAPI | C21: =VLOOKUP(A21,SINTÉTICA!$A$18:$H$169,3,0) -> 92542 | D21: =VLOOKUP(A21,SINTÉTICA!$A$18:$H$169,4,0) -> TRAMA DE MADEIRA COMPOSTA POR RIPAS, CAIBROS E TERÇAS PARA TELHADOS DE MAIS QUE 2 ÁGUAS PARA TELHA CERÂMICA CAPA-CANAL, INCLUSO TRANSPORTE VERTICAL. AF_07/2019 | E21: =VLOOKUP(A21,SINTÉTICA!$A$18:$H$169,5,0) -> m² | F21: =VLOOKUP(A21,SINTÉTICA!$A$18:$J$165,6,0) -> 57.76 | G21: =VLOOKUP(A21,SINTÉTICA!$A$18:$J$156,8,0) -> 124.503 | H21: =TRUNC(F21*G21,2) -> 7191.29 | I21: =H21/$H$65 -> 0.034028671 | J21: =J20+I21 -> 0.74950078 | K21: =IF(J21<=$H$71,"A",IF(J21<=$H$72+$H$71,"B","C")) -> B | O21: =F21/2 -> 28.88
A22: 12.3 | B22: =VLOOKUP(A22,SINTÉTICA!$A$18:$H$169,2,0) -> SINAPI | C22: =VLOOKUP(A22,SINTÉTICA!$A$18:$H$169,3,0) -> 00010775 | D22: =VLOOKUP(A22,SINTÉTICA!$A$18:$H$169,4,0) -> LOCACAO DE CONTAINER 2,30 X 6,00 M, ALT. 2,50 M, COM 1 SANITARIO, PARA ESCRITORIO, COMPLETO, SEM DIVISORIAS INTERNAS (NAO INCLUI MOBILIZACAO/DESMOBILIZACAO) | E22: =VLOOKUP(A22,SINTÉTICA!$A$18:$H$169,5,0) -> MES | F22: =VLOOKUP(A22,SINTÉTICA!$A$18:$J$165,6,0) -> 6 | G22: =VLOOKUP(A22,SINTÉTICA!$A$18:$J$156,8,0) -> 1037.9332 | H22: =TRUNC(F22*G22,2) -> 6227.59 | I22: =H22/$H$65 -> 0.029468512 | J22: =J21+I22 -> 0.77896929 | K22: =IF(J22<=$H$71,"A",IF(J22<=$H$72+$H$71,"B","C")) -> B | O22: =F22/2 -> 3
A23: 6.3 | B23: =VLOOKUP(A23,SINTÉTICA!$A$18:$H$169,2,0) -> SINAPI | C23: =VLOOKUP(A23,SINTÉTICA!$A$18:$H$169,3,0) -> 94994 | D23: =VLOOKUP(A23,SINTÉTICA!$A$18:$H$169,4,0) -> EXECUÇÃO DE PASSEIO (CALÇADA) OU PISO DE CONCRETO COM CONCRETO MOLDADO IN LOCO, FEITO EM OBRA, ACABAMENTO CONVENCIONAL, ESPESSURA 8 CM, ARMADO. AF_08/2022 | E23: =VLOOKUP(A23,SINTÉTICA!$A$18:$H$169,5,0) -> m² | F23: =VLOOKUP(A23,SINTÉTICA!$A$18:$J$165,6,0) -> 48.67 | G23: =VLOOKUP(A23,SINTÉTICA!$A$18:$J$156,8,0) -> 122.56798 | H23: =TRUNC(F23*G23,2) -> 5965.38 | I23: =H23/$H$65 -> 0.028227753 | J23: =J22+I23 -> 0.80719705 | K23: =IF(J23<=$H$71,"A",IF(J23<=$H$72+$H$71,"B","C")) -> B
A24: 10.1 | B24: =VLOOKUP(A24,SINTÉTICA!$A$18:$H$169,2,0) -> SINAPI | C24: =VLOOKUP(A24,SINTÉTICA!$A$18:$H$169,3,0) -> 94273 | D24: =VLOOKUP(A24,SINTÉTICA!$A$18:$H$169,4,0) -> ASSENTAMENTO DE GUIA (MEIO-FIO) EM TRECHO RETO, CONFECCIONADA EM CONCRETO PRÉ-FABRICADO, DIMENSÕES 100X15X13X30 CM (COMPRIMENTO X BASE INFERIOR X BASE SUPERIOR X ALTURA). AF_01/2024 | E24: =VLOOKUP(A24,SINTÉTICA!$A$18:$H$169,5,0) -> M | F24: =VLOOKUP(A24,SINTÉTICA!$A$18:$J$165,6,0) -> 73 | G24: =VLOOKUP(A24,SINTÉTICA!$A$18:$J$156,8,0) -> 63.476201 | H24: =TRUNC(F24*G24,2) -> 4633.76 | I24: =H24/$H$65 -> 0.021926622 | J24: =J23+I24 -> 0.82912367 | K24: =IF(J24<=$H$71,"A",IF(J24<=$H$72+$H$71,"B","C")) -> B
A25: 4.1 | B25: =VLOOKUP(A25,SINTÉTICA!$A$18:$H$169,2,0) -> ORSE | C25: =VLOOKUP(A25,SINTÉTICA!$A$18:$H$169,3,0) -> 12415 | D25: =VLOOKUP(A25,SINTÉTICA!$A$18:$H$169,4,0) -> Viga metálica, em perfil Perfil Aço Laminado, H - W200 x 22,5 kg/m ASTM A 572 Grau 50, pintura 01 demão epoxi fundo óxido ferro + 02 demãos esmalte epoxi branco | E25: =VLOOKUP(A25,SINTÉTICA!$A$18:$H$169,5,0) -> m | F25: =VLOOKUP(A25,SINTÉTICA!$A$18:$J$165,6,0) -> 30.4 | G25: =VLOOKUP(A25,SINTÉTICA!$A$18:$J$156,8,0) -> 130.4183 | H25: =TRUNC(F25*G25,2) -> 3964.71 | I25: =H25/$H$65 -> 0.018760725 | J25: =J24+I25 -> 0.84788439 | K25: =IF(J25<=$H$71,"A",IF(J25<=$H$72+$H$71,"B","C")) -> B
A26: 6.2 | B26: =VLOOKUP(A26,SINTÉTICA!$A$18:$H$169,2,0) -> SINAPI | C26: =VLOOKUP(A26,SINTÉTICA!$A$18:$H$169,3,0) -> 87692 | D26: =VLOOKUP(A26,SINTÉTICA!$A$18:$H$169,4,0) -> CONTRAPISO EM ARGAMASSA TRAÇO 1:4 (CIMENTO E AREIA), PREPARO MANUAL, APLICADO EM ÁREAS SECAS SOBRE LAJE, NÃO ADERIDO, ACABAMENTO NÃO REFORÇADO, ESPESSURA 5CM. AF_07/2021 | E26: =VLOOKUP(A26,SINTÉTICA!$A$18:$H$169,5,0) -> m² | F26: =VLOOKUP(A26,SINTÉTICA!$A$18:$J$165,6,0) -> 48.67 | G26: =VLOOKUP(A26,SINTÉTICA!$A$18:$J$156,8,0) -> 78.699222 | H26: =TRUNC(F26*G26,2) -> 3830.29 | I26: =H26/$H$65 -> 0.018124659 | J26: =J25+I26 -> 0.86600905 | K26: =IF(J26<=$H$71,"A",IF(J26<=$H$72+$H$71,"B","C")) -> B
A27: 7.1 | B27: =VLOOKUP(A27,SINTÉTICA!$A$18:$H$169,2,0) -> SINAPI | C27: =VLOOKUP(A27,SINTÉTICA!$A$18:$H$169,3,0) -> 103361 | D27: =VLOOKUP(A27,SINTÉTICA!$A$18:$H$169,4,0) -> ALVENARIA DE VEDAÇÃO DE BLOCOS CERÂMICOS FURADOS NA HORIZONTAL DE 14X19X29 CM (ESPESSURA 14 CM) E ARGAMASSA DE ASSENTAMENTO COM PREPARO MANUAL. AF_12/2021 | E27: =VLOOKUP(A27,SINTÉTICA!$A$18:$H$169,5,0) -> m² | F27: =VLOOKUP(A27,SINTÉTICA!$A$18:$J$165,6,0) -> 36.27 | G27: =VLOOKUP(A27,SINTÉTICA!$A$18:$J$156,8,0) -> 103.71984 | H27: =TRUNC(F27*G27,2) -> 3761.91 | I27: =H27/$H$65 -> 0.01780109 | J27: =J26+I27 -> 0.88381014 | K27: =IF(J27<=$H$71,"A",IF(J27<=$H$72+$H$71,"B","C")) -> B
A28: 8.2 | B28: =VLOOKUP(A28,SINTÉTICA!$A$18:$H$169,2,0) -> SINAPI | C28: =VLOOKUP(A28,SINTÉTICA!$A$18:$H$169,3,0) -> 104227 | D28: =VLOOKUP(A28,SINTÉTICA!$A$18:$H$169,4,0) -> EMBOÇO OU MASSA ÚNICA EM ARGAMASSA INDUSTRIALIZADA, PREPARO MECÂNICA E APLICAÇÃO COM EQUIPAMENTO DE MISTURA E PROJEÇÃO DE 1,5 M3/H DE ARGAMASSA EM PANOS DE FACHADA COM PRESENÇA DE VÃOS, ESPESSURA DE 45 MM, ACESSO POR ANDAIME. AF_08/2022 | E28: =VLOOKUP(A28,SINTÉTICA!$A$18:$H$169,5,0) -> m² | F28: =VLOOKUP(A28,SINTÉTICA!$A$18:$J$165,6,0) -> 18.6 | G28: =VLOOKUP(A28,SINTÉTICA!$A$18:$J$156,8,0) -> 191.81251 | H28: =TRUNC(F28*G28,2) -> 3567.71 | I28: =H28/$H$65 -> 0.016882149 | J28: =J27+I28 -> 0.90069229 | K28: =IF(J28<=$H$71,"A",IF(J28<=$H$72+$H$71,"B","C")) -> B
A29: 10.2 | B29: =VLOOKUP(A29,SINTÉTICA!$A$18:$H$169,2,0) -> SINAPI | C29: =VLOOKUP(A29,SINTÉTICA!$A$18:$H$169,3,0) -> 94287 | D29: =VLOOKUP(A29,SINTÉTICA!$A$18:$H$169,4,0) -> EXECUÇÃO DE SARJETA DE CONCRETO USINADO, MOLDADA IN LOCO EM TRECHO RETO, 30 CM BASE X 10 CM ALTURA. AF_01/2024 | E29: =VLOOKUP(A29,SINTÉTICA!$A$18:$H$169,5,0) -> M | F29: =VLOOKUP(A29,SINTÉTICA!$A$18:$J$165,6,0) -> 73 | G29: =VLOOKUP(A29,SINTÉTICA!$A$18:$J$156,8,0) -> 46.281413 | H29: =TRUNC(F29*G29,2) -> 3378.54 | I29: =H29/$H$65 -> 0.01598701 | J29: =J28+I29 -> 0.9166793 | K29: =IF(J29<=$H$71,"A",IF(J29<=$H$72+$H$71,"B","C")) -> B | M29: =F29/2 -> 36.5
A30: 3.9 | B30: =VLOOKUP(A30,SINTÉTICA!$A$18:$H$169,2,0) -> ORSE | C30: =VLOOKUP(A30,SINTÉTICA!$A$18:$H$169,3,0) -> 9904 | D30: =VLOOKUP(A30,SINTÉTICA!$A$18:$H$169,4,0) -> Laje pré-fabricada treliçada com vigota dupla para piso, intereixo 38cm, h=12cm, enchimento em bloco cerâmico h=8cm, inclusive escoramento em madeira e capeamento 4cm. | E30: =VLOOKUP(A30,SINTÉTICA!$A$18:$H$169,5,0) -> m² | F30: =VLOOKUP(A30,SINTÉTICA!$A$18:$J$165,6,0) -> 12.96 | G30: =VLOOKUP(A30,SINTÉTICA!$A$18:$J$156,8,0) -> 237.35911 | H30: =TRUNC(F30*G30,2) -> 3076.17 | I30: =H30/$H$65 -> 0.014556217 | J30: =J29+I30 -> 0.93123552 | K30: =IF(J30<=$H$71,"A",IF(J30<=$H$72+$H$71,"B","C")) -> B
A31: 5.2 | B31: =VLOOKUP(A31,SINTÉTICA!$A$18:$H$169,2,0) -> SINAPI | C31: =VLOOKUP(A31,SINTÉTICA!$A$18:$H$169,3,0) -> 94441 | D31: =VLOOKUP(A31,SINTÉTICA!$A$18:$H$169,4,0) -> TELHAMENTO COM TELHA CERÂMICA DE ENCAIXE, TIPO FRANCESA, COM MAIS DE 2 ÁGUAS, INCLUSO TRANSPORTE VERTICAL. AF_07/2019 | E31: =VLOOKUP(A31,SINTÉTICA!$A$18:$H$169,5,0) -> m² | F31: =VLOOKUP(A31,SINTÉTICA!$A$18:$J$165,6,0) -> 57.76 | G31: =VLOOKUP(A31,SINTÉTICA!$A$18:$J$156,8,0) -> 46.881516 | H31: =TRUNC(F31*G31,2) -> 2707.87 | I31: =H31/$H$65 -> 0.012813448 | J31: =J30+I31 -> 0.94404897 | K31: =IF(J31<=$H$71,"A",IF(J31<=$H$72+$H$71,"B","C")) -> B
A32: 9.1 | B32: =VLOOKUP(A32,SINTÉTICA!$A$18:$H$169,2,0) -> ORSE | C32: =VLOOKUP(A32,SINTÉTICA!$A$18:$H$169,3,0) -> 13388 | D32: =VLOOKUP(A32,SINTÉTICA!$A$18:$H$169,4,0) -> Luminaria em LED p/ iluminação pública LED SMD AUTOVOLT 100 W, 5.000 K, IP-66, IRC 70, FP>0,95, 160lm/w,16.000 lm e 54.000h, com base para Relé 3 PINOS, modelo GL421 G-Light ou similar | E32: =VLOOKUP(A32,SINTÉTICA!$A$18:$H$169,5,0) -> un | F32: =VLOOKUP(A32,SINTÉTICA!$A$18:$J$165,6,0) -> 2 | G32: =VLOOKUP(A32,SINTÉTICA!$A$18:$J$156,8,0) -> 1239.5066 | H32: =TRUNC(F32*G32,2) -> 2479.01 | I32: =H32/$H$65 -> 0.011730498 | J32: =J31+I32 -> 0.95577946 | K32: =IF(J32<=$H$71,"A",IF(J32<=$H$72+$H$71,"B","C")) -> C
A33: 6.4 | B33: =VLOOKUP(A33,SINTÉTICA!$A$18:$H$169,2,0) -> SINAPI | C33: =VLOOKUP(A33,SINTÉTICA!$A$18:$H$169,3,0) -> 104658 | D33: =VLOOKUP(A33,SINTÉTICA!$A$18:$H$169,4,0) -> PISO PODOTÁTIL DE ALERTA OU DIRECIONAL, DE CONCRETO, ASSENTADO SOBRE ARGAMASSA. AF_03/2024 | E33: =VLOOKUP(A33,SINTÉTICA!$A$18:$H$169,5,0) -> m² | F33: =VLOOKUP(A33,SINTÉTICA!$A$18:$J$165,6,0) -> 10.95 | G33: =VLOOKUP(A33,SINTÉTICA!$A$18:$J$156,8,0) -> 188.64054 | H33: =TRUNC(F33*G33,2) -> 2065.61 | I33: =H33/$H$65 -> 0.0097743192 | J33: =J32+I33 -> 0.96555378 | K33: =IF(J33<=$H$71,"A",IF(J33<=$H$72+$H$71,"B","C")) -> C
A34: 9.5 | B34: =VLOOKUP(A34,SINTÉTICA!$A$18:$H$169,2,0) -> SINAPI | C34: =VLOOKUP(A34,SINTÉTICA!$A$18:$H$169,3,0) -> 91929 | D34: =VLOOKUP(A34,SINTÉTICA!$A$18:$H$169,4,0) -> CABO DE COBRE FLEXÍVEL ISOLADO, 4 MM², ANTI-CHAMA 0,6/1,0 KV, PARA CIRCUITOS TERMINAIS - FORNECIMENTO E INSTALAÇÃO. AF_03/2023 | E34: =VLOOKUP(A34,SINTÉTICA!$A$18:$H$169,5,0) -> M | F34: =VLOOKUP(A34,SINTÉTICA!$A$18:$J$165,6,0) -> 150 | G34: =VLOOKUP(A34,SINTÉTICA!$A$18:$J$156,8,0) -> 9.92007 | H34: =TRUNC(F34*G34,2) -> 1488.01 | I34: =H34/$H$65 -> 0.0070411572 | J34: =J33+I34 -> 0.97259494 | K34: =IF(J34<=$H$71,"A",IF(J34<=$H$72+$H$71,"B","C")) -> C
A35: 5.3 | B35: =VLOOKUP(A35,SINTÉTICA!$A$18:$H$169,2,0) -> SINAPI | C35: =VLOOKUP(A35,SINTÉTICA!$A$18:$H$169,3,0) -> 94224 | D35: =VLOOKUP(A35,SINTÉTICA!$A$18:$H$169,4,0) -> EMBOÇAMENTO COM ARGAMASSA TRAÇO 1:2:9 (CIMENTO, CAL E AREIA). AF_07/2019 | E35: =VLOOKUP(A35,SINTÉTICA!$A$18:$H$169,5,0) -> M | F35: =VLOOKUP(A35,SINTÉTICA!$A$18:$J$165,6,0) -> 30.4 | G35: =VLOOKUP(A35,SINTÉTICA!$A$18:$J$156,8,0) -> 34.805974 | H35: =TRUNC(F35*G35,2) -> 1058.1 | I35: =H35/$H$65 -> 0.0050068537 | J35: =J34+I35 -> 0.97760179 | K35: =IF(J35<=$H$71,"A",IF(J35<=$H$72+$H$71,"B","C")) -> C
A36: 8.1 | B36: =VLOOKUP(A36,SINTÉTICA!$A$18:$H$169,2,0) -> SINAPI | C36: =VLOOKUP(A36,SINTÉTICA!$A$18:$H$169,3,0) -> 87878 | D36: =VLOOKUP(A36,SINTÉTICA!$A$18:$H$169,4,0) -> CHAPISCO APLICADO EM ALVENARIAS E ESTRUTURAS DE CONCRETO INTERNAS, COM COLHER DE PEDREIRO. ARGAMASSA TRAÇO 1:3 COM PREPARO MANUAL. AF_10/2022 | E36: =VLOOKUP(A36,SINTÉTICA!$A$18:$H$169,5,0) -> m² | F36: =VLOOKUP(A36,SINTÉTICA!$A$18:$J$165,6,0) -> 145.08 | G36: =VLOOKUP(A36,SINTÉTICA!$A$18:$J$156,8,0) -> 6.650121 | H36: =TRUNC(F36*G36,2) -> 964.79 | I36: =H36/$H$65 -> 0.0045653175 | J36: =J35+I36 -> 0.98216711 | K36: =IF(J36<=$H$71,"A",IF(J36<=$H$72+$H$71,"B","C")) -> C
A37: 9.8 | B37: =VLOOKUP(A37,SINTÉTICA!$A$18:$H$169,2,0) -> SINAPI | C37: =VLOOKUP(A37,SINTÉTICA!$A$18:$H$169,3,0) -> 91863 | D37: =VLOOKUP(A37,SINTÉTICA!$A$18:$H$169,4,0) -> ELETRODUTO RÍGIDO ROSCÁVEL, PVC, DN 25 MM (3/4"), PARA CIRCUITOS TERMINAIS, INSTALADO EM FORRO - FORNECIMENTO E INSTALAÇÃO. AF_03/2023 | E37: =VLOOKUP(A37,SINTÉTICA!$A$18:$H$169,5,0) -> M | F37: =VLOOKUP(A37,SINTÉTICA!$A$18:$J$165,6,0) -> 49.09 | G37: =VLOOKUP(A37,SINTÉTICA!$A$18:$J$156,8,0) -> 14.782129 | H37: =TRUNC(F37*G37,2) -> 725.65 | I37: =H37/$H$65 -> 0.003433724 | J37: =J36+I37 -> 0.98560084 | K37: =IF(J37<=$H$71,"A",IF(J37<=$H$72+$H$71,"B","C")) -> C
A38: 9.6 | B38: =VLOOKUP(A38,SINTÉTICA!$A$18:$H$169,2,0) -> SINAPI | C38: =VLOOKUP(A38,SINTÉTICA!$A$18:$H$169,3,0) -> 91926 | D38: =VLOOKUP(A38,SINTÉTICA!$A$18:$H$169,4,0) -> CABO DE COBRE FLEXÍVEL ISOLADO, 2,5 MM², ANTI-CHAMA 450/750 V, PARA CIRCUITOS TERMINAIS - FORNECIMENTO E INSTALAÇÃO. AF_03/2023 | E38: =VLOOKUP(A38,SINTÉTICA!$A$18:$H$169,5,0) -> M | F38: =VLOOKUP(A38,SINTÉTICA!$A$18:$J$165,6,0) -> 90.02 | G38: =VLOOKUP(A38,SINTÉTICA!$A$18:$J$156,8,0) -> 5.964289 | H38: =TRUNC(F38*G38,2) -> 536.9 | I38: =H38/$H$65 -> 0.0025405725 | J38: =J37+I38 -> 0.98814141 | K38: =IF(J38<=$H$71,"A",IF(J38<=$H$72+$H$71,"B","C")) -> C
A39: 9.4 | B39: =VLOOKUP(A39,SINTÉTICA!$A$18:$H$169,2,0) -> SINAPI | C39: =VLOOKUP(A39,SINTÉTICA!$A$18:$H$169,3,0) -> 101875 | D39: =VLOOKUP(A39,SINTÉTICA!$A$18:$H$169,4,0) -> QUADRO DE DISTRIBUIÇÃO DE ENERGIA EM CHAPA DE AÇO GALVANIZADO, DE EMBUTIR, COM BARRAMENTO TRIFÁSICO, PARA 12 DISJUNTORES DIN 100A - FORNECIMENTO E INSTALAÇÃO. AF_10/2020 | E39: =VLOOKUP(A39,SINTÉTICA!$A$18:$H$169,5,0) -> UN | F39: =VLOOKUP(A39,SINTÉTICA!$A$18:$J$165,6,0) -> 1 | G39: =VLOOKUP(A39,SINTÉTICA!$A$18:$J$156,8,0) -> 427.95917 | H39: =TRUNC(F39*G39,2) -> 427.95 | I39: =H39/$H$65 -> 0.0020250289 | J39: =J38+I39 -> 0.99016644 | K39: =IF(J39<=$H$71,"A",IF(J39<=$H$72+$H$71,"B","C")) -> C
A40: 11.1 | B40: =VLOOKUP(A40,SINTÉTICA!$A$18:$H$169,2,0) -> SINAPI | C40: =VLOOKUP(A40,SINTÉTICA!$A$18:$H$169,3,0) -> 88497 | D40: =VLOOKUP(A40,SINTÉTICA!$A$18:$H$169,4,0) -> EMASSAMENTO COM MASSA LÁTEX, APLICAÇÃO EM PAREDE, DUAS DEMÃOS, LIXAMENTO MANUAL. AF_04/2023 | E40: =VLOOKUP(A40,SINTÉTICA!$A$18:$H$169,5,0) -> m² | F40: =VLOOKUP(A40,SINTÉTICA!$A$18:$J$165,6,0) -> 18.6 | G40: =VLOOKUP(A40,SINTÉTICA!$A$18:$J$156,8,0) -> 22.65695 | H40: =TRUNC(F40*G40,2) -> 421.41 | I40: =H40/$H$65 -> 0.0019940821 | J40: =J39+I40 -> 0.99216052 | K40: =IF(J40<=$H$71,"A",IF(J40<=$H$72+$H$71,"B","C")) -> C
A41: 12.4 | B41: =VLOOKUP(A41,SINTÉTICA!$A$18:$H$169,2,0) -> SINAPI | C41: =VLOOKUP(A41,SINTÉTICA!$A$18:$H$169,3,0) -> 105115 | D41: =VLOOKUP(A41,SINTÉTICA!$A$18:$H$169,4,0) -> INSTALAÇÃO E DESINSTALAÇÃO MECANIZADA DE CONTÊINER OU MÓDULO HABITÁVEL DE USOS DIVERSOS. AF_03/2024 | E41: =VLOOKUP(A41,SINTÉTICA!$A$18:$H$169,5,0) -> UN | F41: =VLOOKUP(A41,SINTÉTICA!$A$18:$J$165,6,0) -> 2 | G41: =VLOOKUP(A41,SINTÉTICA!$A$18:$J$156,8,0) -> 162.54218 | H41: =TRUNC(F41*G41,2) -> 325.08 | I41: =H41/$H$65 -> 0.0015382554 | J41: =J40+I41 -> 0.99369877 | K41: =IF(J41<=$H$71,"A",IF(J41<=$H$72+$H$71,"B","C")) -> C | M41: =F41/2 -> 1
A42: 9.2 | B42: =VLOOKUP(A42,SINTÉTICA!$A$18:$H$169,2,0) -> SINAPI | C42: =VLOOKUP(A42,SINTÉTICA!$A$18:$H$169,3,0) -> 101634 | D42: =VLOOKUP(A42,SINTÉTICA!$A$18:$H$169,4,0) -> BRAÇO PARA ILUMINAÇÃO PÚBLICA, EM TUBO DE AÇO GALVANIZADO, COMPRIMENTO DE 1,20 M, PARA FIXAÇÃO EM POSTE DE CONCRETO - FORNECIMENTO E INSTALAÇÃO. AF_02/2025 | E42: =VLOOKUP(A42,SINTÉTICA!$A$18:$H$169,5,0) -> UN | F42: =VLOOKUP(A42,SINTÉTICA!$A$18:$J$165,6,0) -> 2 | G42: =VLOOKUP(A42,SINTÉTICA!$A$18:$J$156,8,0) -> 159.65189 | H42: =TRUNC(F42*G42,2) -> 319.3 | I42: =H42/$H$65 -> 0.0015109048 | J42: =J41+I42 -> 0.99520968 | K42: =IF(J42<=$H$71,"A",IF(J42<=$H$72+$H$71,"B","C")) -> C | M42: =F42/2 -> 1
A43: 11.2 | B43: =VLOOKUP(A43,SINTÉTICA!$A$18:$H$169,2,0) -> SINAPI | C43: =VLOOKUP(A43,SINTÉTICA!$A$18:$H$169,3,0) -> 104642 | D43: =VLOOKUP(A43,SINTÉTICA!$A$18:$H$169,4,0) -> PINTURA LÁTEX ACRÍLICA STANDARD, APLICAÇÃO MANUAL EM PAREDES, DUAS DEMÃOS. AF_04/2023 | E43: =VLOOKUP(A43,SINTÉTICA!$A$18:$H$169,5,0) -> m² | F43: =VLOOKUP(A43,SINTÉTICA!$A$18:$J$165,6,0) -> 18.6 | G43: =VLOOKUP(A43,SINTÉTICA!$A$18:$J$156,8,0) -> 14.806623 | H43: =TRUNC(F43*G43,2) -> 275.4 | I43: =H43/$H$65 -> 0.0013031732 | J43: =J42+I43 -> 0.99651285 | K43: =IF(J43<=$H$71,"A",IF(J43<=$H$72+$H$71,"B","C")) -> C
A44: 9.7 | B44: =VLOOKUP(A44,SINTÉTICA!$A$18:$H$169,2,0) -> ORSE | C44: =VLOOKUP(A44,SINTÉTICA!$A$18:$H$169,3,0) -> 2815 | D44: =VLOOKUP(A44,SINTÉTICA!$A$18:$H$169,4,0) -> Caixa de passagem em alvenaria de tijolos maciços esp. = 0,12m, dim. int. = 0,30 x 0,30 x 0,40m | E44: =VLOOKUP(A44,SINTÉTICA!$A$18:$H$169,5,0) -> un | F44: =VLOOKUP(A44,SINTÉTICA!$A$18:$J$165,6,0) -> 1 | G44: =VLOOKUP(A44,SINTÉTICA!$A$18:$J$156,8,0) -> 195.07022 | H44: =TRUNC(F44*G44,2) -> 195.07 | I44: =H44/$H$65 -> 0.00092305733 | J44: =J43+I44 -> 0.99743591 | K44: =IF(J44<=$H$71,"A",IF(J44<=$H$72+$H$71,"B","C")) -> C
A45: 12.2 | B45: =VLOOKUP(A45,SINTÉTICA!$A$18:$H$169,2,0) -> ORSE | C45: =VLOOKUP(A45,SINTÉTICA!$A$18:$H$169,3,0) -> 2450 | D45: =VLOOKUP(A45,SINTÉTICA!$A$18:$H$169,4,0) -> Limpeza geral | E45: =VLOOKUP(A45,SINTÉTICA!$A$18:$H$169,5,0) -> m² | F45: =VLOOKUP(A45,SINTÉTICA!$A$18:$J$165,6,0) -> 61.63 | G45: =VLOOKUP(A45,SINTÉTICA!$A$18:$J$156,8,0) -> 2.976021 | H45: =TRUNC(F45*G45,2) -> 183.41 | I45: =H45/$H$65 -> 0.00086788304 | J45: =J44+I45 -> 0.99830379 | K45: =IF(J45<=$H$71,"A",IF(J45<=$H$72+$H$71,"B","C")) -> C
A46: 10.3 | B46: =VLOOKUP(A46,SINTÉTICA!$A$18:$H$169,2,0) -> SINAPI | C46: =VLOOKUP(A46,SINTÉTICA!$A$18:$H$169,3,0) -> 102498 | D46: =VLOOKUP(A46,SINTÉTICA!$A$18:$H$169,4,0) -> PINTURA DE MEIO-FIO COM TINTA BRANCA A BASE DE CAL (CAIAÇÃO). AF_05/2021 | E46: =VLOOKUP(A46,SINTÉTICA!$A$18:$H$169,5,0) -> M | F46: =VLOOKUP(A46,SINTÉTICA!$A$18:$J$165,6,0) -> 73 | G46: =VLOOKUP(A46,SINTÉTICA!$A$18:$J$156,8,0) -> 2.167719 | H46: =TRUNC(F46*G46,2) -> 158.24 | I46: =H46/$H$65 -> 0.00074878039 | J46: =J45+I46 -> 0.99905257 | K46: =IF(J46<=$H$71,"A",IF(J46<=$H$72+$H$71,"B","C")) -> C
A47: 9.3 | B47: =VLOOKUP(A47,SINTÉTICA!$A$18:$H$169,2,0) -> SINAPI | C47: =VLOOKUP(A47,SINTÉTICA!$A$18:$H$169,3,0) -> 96985 | D47: =VLOOKUP(A47,SINTÉTICA!$A$18:$H$169,4,0) -> HASTE DE ATERRAMENTO, DIÂMETRO 5/8", COM 3 METROS - FORNECIMENTO E INSTALAÇÃO. AF_08/2023 | E47: =VLOOKUP(A47,SINTÉTICA!$A$18:$H$169,5,0) -> UN | F47: =VLOOKUP(A47,SINTÉTICA!$A$18:$J$165,6,0) -> 1 | G47: =VLOOKUP(A47,SINTÉTICA!$A$18:$J$156,8,0) -> 99.849791 | H47: =TRUNC(F47*G47,2) -> 99.84 | I47: =H47/$H$65 -> 0.00047243576 | J47: =J46+I47 -> 0.99952501 | K47: =IF(J47<=$H$71,"A",IF(J47<=$H$72+$H$71,"B","C")) -> C
A48: 9.10 | B48: =VLOOKUP(A48,SINTÉTICA!$A$18:$H$169,2,0) -> SINAPI | C48: =VLOOKUP(A48,SINTÉTICA!$A$18:$H$169,3,0) -> 93669 | D48: =VLOOKUP(A48,SINTÉTICA!$A$18:$H$169,4,0) -> DISJUNTOR TRIPOLAR TIPO DIN, CORRENTE NOMINAL DE 20A - FORNECIMENTO E INSTALAÇÃO. AF_10/2020 | E48: =VLOOKUP(A48,SINTÉTICA!$A$18:$H$169,5,0) -> UN | F48: =VLOOKUP(A48,SINTÉTICA!$A$18:$J$165,6,0) -> 1 | G48: =VLOOKUP(A48,SINTÉTICA!$A$18:$J$156,8,0) -> 87.002688 | H48: =TRUNC(F48*G48,2) -> 87 | I48: =H48/$H$65 -> 0.00041167779 | J48: =J47+I48 -> 0.99993669 | K48: =IF(J48<=$H$71,"A",IF(J48<=$H$72+$H$71,"B","C")) -> C
A49: 9.9 | B49: =VLOOKUP(A49,SINTÉTICA!$A$18:$H$169,2,0) -> SINAPI | C49: =VLOOKUP(A49,SINTÉTICA!$A$18:$H$169,3,0) -> 93653 | D49: =VLOOKUP(A49,SINTÉTICA!$A$18:$H$169,4,0) -> DISJUNTOR MONOPOLAR TIPO DIN, CORRENTE NOMINAL DE 10A - FORNECIMENTO E INSTALAÇÃO. AF_10/2020 | E49: =VLOOKUP(A49,SINTÉTICA!$A$18:$H$169,5,0) -> UN | F49: =VLOOKUP(A49,SINTÉTICA!$A$18:$J$165,6,0) -> 1 | G49: =VLOOKUP(A49,SINTÉTICA!$A$18:$J$156,8,0) -> 13.385971 | H49: =TRUNC(F49*G49,2) -> 13.38 | I49: =H49/$H$65 -> 6.3313206e-05 | J49: =J48+I49 -> 1 | K49: =IF(J49<=$H$71,"A",IF(J49<=$H$72+$H$71,"B","C")) -> C
A50: 3.5 | B50: =VLOOKUP(A50,SINTÉTICA!$A$18:$H$169,2,0) -> ORSE | C50: =VLOOKUP(A50,SINTÉTICA!$A$18:$H$169,3,0) -> 7369 | D50: =VLOOKUP(A50,SINTÉTICA!$A$18:$H$169,4,0) -> Concreto Armado fck=30,0MPa, usinado, bombeado, adensado e lançado, para uso Geral, com formas planas em compensado resinado 12mm (05 usos) | E50: =VLOOKUP(A50,SINTÉTICA!$A$18:$H$169,5,0) -> m³ | F50: =VLOOKUP(A50,SINTÉTICA!$A$18:$J$165,6,0) -> 0 | G50: =VLOOKUP(A50,SINTÉTICA!$A$18:$J$156,8,0) -> 2995.4202 | H50: =TRUNC(F50*G50,2) -> 0 | I50: =H50/$H$65 -> 0 | J50: =J49+I50 -> 1 | K50: =IF(J50<=$H$71,"A",IF(J50<=$H$72+$H$71,"B","C")) -> C
A51: 3.7 | B51: =VLOOKUP(A51,SINTÉTICA!$A$18:$H$169,2,0) -> Próprio | C51: =VLOOKUP(A51,SINTÉTICA!$A$18:$H$169,3,0) -> CPU.FE.01 | D51: =VLOOKUP(A51,SINTÉTICA!$A$18:$H$169,4,0) -> Pilar Concreto Armado | E51: =VLOOKUP(A51,SINTÉTICA!$A$18:$H$169,5,0) -> m³ | F51: =VLOOKUP(A51,SINTÉTICA!$A$18:$J$165,6,0) -> 0 | G51: =VLOOKUP(A51,SINTÉTICA!$A$18:$J$156,8,0) -> 2664.0654 | H51: =TRUNC(F51*G51,2) -> 0 | I51: =H51/$H$65 -> 0 | J51: =J50+I51 -> 1 | K51: =IF(J51<=$H$71,"A",IF(J51<=$H$72+$H$71,"B","C")) -> C
A52: 3.8 | B52: =VLOOKUP(A52,SINTÉTICA!$A$18:$H$169,2,0) -> Próprio | C52: =VLOOKUP(A52,SINTÉTICA!$A$18:$H$169,3,0) -> CPU.FE.01 | D52: =VLOOKUP(A52,SINTÉTICA!$A$18:$H$169,4,0) -> Viga Concreto Armado | E52: =VLOOKUP(A52,SINTÉTICA!$A$18:$H$169,5,0) -> m³ | F52: =VLOOKUP(A52,SINTÉTICA!$A$18:$J$165,6,0) -> 0 | G52: =VLOOKUP(A52,SINTÉTICA!$A$18:$J$156,8,0) -> 2664.0654 | H52: =TRUNC(F52*G52,2) -> 0 | I52: =H52/$H$65 -> 0 | J52: =J51+I52 -> 1 | K52: =IF(J52<=$H$71,"A",IF(J52<=$H$72+$H$71,"B","C")) -> C
A53: 3.4 | B53: =VLOOKUP(A53,SINTÉTICA!$A$18:$H$169,2,0) -> SINAPI | C53: =VLOOKUP(A53,SINTÉTICA!$A$18:$H$169,3,0) -> 101166 | D53: =VLOOKUP(A53,SINTÉTICA!$A$18:$H$169,4,0) -> ALVENARIA DE EMBASAMENTO COM BLOCO ESTRUTURAL DE CERÂMICA, DE 14X19X29CM E ARGAMASSA DE ASSENTAMENTO COM PREPARO EM BETONEIRA. AF_05/2020 | E53: =VLOOKUP(A53,SINTÉTICA!$A$18:$H$169,5,0) -> m³ | F53: =VLOOKUP(A53,SINTÉTICA!$A$18:$J$165,6,0) -> 0 | G53: =VLOOKUP(A53,SINTÉTICA!$A$18:$J$156,8,0) -> 835.83326 | H53: =TRUNC(F53*G53,2) -> 0 | I53: =H53/$H$65 -> 0 | J53: =J52+I53 -> 1 | K53: =IF(J53<=$H$71,"A",IF(J53<=$H$72+$H$71,"B","C")) -> C | M53: =F53/2 -> 0
A54: 2.2 | B54: =VLOOKUP(A54,SINTÉTICA!$A$18:$H$169,2,0) -> SINAPI | C54: =VLOOKUP(A54,SINTÉTICA!$A$18:$H$169,3,0) -> 102346 | D54: =VLOOKUP(A54,SINTÉTICA!$A$18:$H$169,4,0) -> ESCAVAÇÃO DE VALA EM MATERIAL DE 3ª CATEGORIA, RESISTÊNCIA À COMPRESSÃO MENOR QUE 50 MPA, COM ROMPEDOR ACOPLADO EM ESCAVADEIRA HIDRÁULICA - EXCLUSIVE RETIRADA, CARGA E TRANSPORTE. AF_03/2021 | E54: =VLOOKUP(A54,SINTÉTICA!$A$18:$H$169,5,0) -> m³ | F54: =VLOOKUP(A54,SINTÉTICA!$A$18:$J$165,6,0) -> 0 | G54: =VLOOKUP(A54,SINTÉTICA!$A$18:$J$156,8,0) -> 33.667003 | H54: =TRUNC(F54*G54,2) -> 0 | I54: =H54/$H$65 -> 0 | J54: =J53+I54 -> 1 | K54: =IF(J54<=$H$71,"A",IF(J54<=$H$72+$H$71,"B","C")) -> C
A55: 3.3 | B55: =VLOOKUP(A55,SINTÉTICA!$A$18:$H$169,2,0) -> SINAPI | C55: =VLOOKUP(A55,SINTÉTICA!$A$18:$H$169,3,0) -> 101166 | D55: =VLOOKUP(A55,SINTÉTICA!$A$18:$H$169,4,0) -> ALVENARIA DE EMBASAMENTO COM BLOCO ESTRUTURAL DE CERÂMICA, DE 14X19X29CM E ARGAMASSA DE ASSENTAMENTO COM PREPARO EM BETONEIRA. AF_05/2020 | E55: =VLOOKUP(A55,SINTÉTICA!$A$18:$H$169,5,0) -> m³ | F55: =VLOOKUP(A55,SINTÉTICA!$A$18:$J$165,6,0) -> 0 | G55: =VLOOKUP(A55,SINTÉTICA!$A$18:$J$156,8,0) -> 835.83326 | H55: =TRUNC(F55*G55,2) -> 0 | I55: =H55/$H$65 -> 0 | J55: =J54+I55 -> 1 | K55: =IF(J55<=$H$71,"A",IF(J55<=$H$72+$H$71,"B","C")) -> C
A56: 1.1 | B56: =VLOOKUP(A56,SINTÉTICA!$A$18:$H$169,2,0) -> SINAPI | C56: =VLOOKUP(A56,SINTÉTICA!$A$18:$H$169,3,0) -> 105009 | D56: =VLOOKUP(A56,SINTÉTICA!$A$18:$H$169,4,0) -> LOCAÇÃO CONVENCIONAL DE OBRA, UTILIZANDO GABARITO DE TÁBUAS CORRIDAS PONTALETADAS A CADA 1,50M - 2 UTILIZAÇÕES. AF_03/2024 | E56: =VLOOKUP(A56,SINTÉTICA!$A$18:$H$169,5,0) -> M | F56: =VLOOKUP(A56,SINTÉTICA!$A$18:$J$165,6,0) -> 0 | G56: =VLOOKUP(A56,SINTÉTICA!$A$18:$J$156,8,0) -> 99.923273 | H56: =TRUNC(F56*G56,2) -> 0 | I56: =H56/$H$65 -> 0 | J56: =J55+I56 -> 1 | K56: =IF(J56<=$H$71,"A",IF(J56<=$H$72+$H$71,"B","C")) -> C
A57: 3.1 | B57: =VLOOKUP(A57,SINTÉTICA!$A$18:$H$169,2,0) -> SINAPI | C57: =VLOOKUP(A57,SINTÉTICA!$A$18:$H$169,3,0) -> 93358 | D57: =VLOOKUP(A57,SINTÉTICA!$A$18:$H$169,4,0) -> ESCAVAÇÃO MANUAL DE VALA. AF_09/2024 | E57: =VLOOKUP(A57,SINTÉTICA!$A$18:$H$169,5,0) -> m³ | F57: =VLOOKUP(A57,SINTÉTICA!$A$18:$J$165,6,0) -> 0 | G57: =VLOOKUP(A57,SINTÉTICA!$A$18:$J$156,8,0) -> 112.96633 | H57: =TRUNC(F57*G57,2) -> 0 | I57: =H57/$H$65 -> 0 | J57: =J56+I57 -> 1 | K57: =IF(J57<=$H$71,"A",IF(J57<=$H$72+$H$71,"B","C")) -> C
A58: 2.3 | B58: =VLOOKUP(A58,SINTÉTICA!$A$18:$H$169,2,0) -> SINAPI | C58: =VLOOKUP(A58,SINTÉTICA!$A$18:$H$169,3,0) -> 100937 | D58: =VLOOKUP(A58,SINTÉTICA!$A$18:$H$169,4,0) -> TRANSPORTE COM CAMINHÃO BASCULANTE DE 6 M³, EM VIA INTERNA (DENTRO DO CANTEIRO - UNIDADE: M3XKM). AF_07/2020 | E58: =VLOOKUP(A58,SINTÉTICA!$A$18:$H$169,5,0) -> M3XKM | F58: =VLOOKUP(A58,SINTÉTICA!$A$18:$J$165,6,0) -> 0 | G58: =VLOOKUP(A58,SINTÉTICA!$A$18:$J$156,8,0) -> 11.524427 | H58: =TRUNC(F58*G58,2) -> 0 | I58: =H58/$H$65 -> 0 | J58: =J57+I58 -> 1 | K58: =IF(J58<=$H$71,"A",IF(J58<=$H$72+$H$71,"B","C")) -> C
A59: 2.1 | B59: =VLOOKUP(A59,SINTÉTICA!$A$18:$H$169,2,0) -> SINAPI | C59: =VLOOKUP(A59,SINTÉTICA!$A$18:$H$169,3,0) -> 98524 | D59: =VLOOKUP(A59,SINTÉTICA!$A$18:$H$169,4,0) -> LIMPEZA MANUAL DE VEGETAÇÃO EM TERRENO COM ENXADA. AF_03/2024 | E59: =VLOOKUP(A59,SINTÉTICA!$A$18:$H$169,5,0) -> m² | F59: =VLOOKUP(A59,SINTÉTICA!$A$18:$J$165,6,0) -> 0 | G59: =VLOOKUP(A59,SINTÉTICA!$A$18:$J$156,8,0) -> 6.086759 | H59: =TRUNC(F59*G59,2) -> 0 | I59: =H59/$H$65 -> 0 | J59: =J58+I59 -> 1 | K59: =IF(J59<=$H$71,"A",IF(J59<=$H$72+$H$71,"B","C")) -> C
A60: 3.6 | B60: =VLOOKUP(A60,SINTÉTICA!$A$18:$H$169,2,0) -> SINAPI | C60: =VLOOKUP(A60,SINTÉTICA!$A$18:$H$169,3,0) -> 105033 | D60: =VLOOKUP(A60,SINTÉTICA!$A$18:$H$169,4,0) -> CINTA DE AMARRAÇÃO DE ALVENARIA MOLDADA IN LOCO COM UTILIZAÇÃO DE BLOCOS CANALETA, ESPESSURA DE *15* CM. AF_03/2024 | E60: =VLOOKUP(A60,SINTÉTICA!$A$18:$H$169,5,0) -> M | F60: =VLOOKUP(A60,SINTÉTICA!$A$18:$J$165,6,0) -> 0 | G60: =VLOOKUP(A60,SINTÉTICA!$A$18:$J$156,8,0) -> 77.413287 | H60: =TRUNC(F60*G60,2) -> 0 | I60: =H60/$H$65 -> 0 | J60: =J59+I60 -> 1 | K60: =IF(J60<=$H$71,"A",IF(J60<=$H$72+$H$71,"B","C")) -> C
A61: 6.1 | B61: =VLOOKUP(A61,SINTÉTICA!$A$18:$H$169,2,0) -> SINAPI | C61: =VLOOKUP(A61,SINTÉTICA!$A$18:$H$169,3,0) -> 100575 | D61: =VLOOKUP(A61,SINTÉTICA!$A$18:$H$169,4,0) -> REGULARIZAÇÃO DE SUPERFÍCIES COM MOTONIVELADORA. AF_09/2024 | E61: =VLOOKUP(A61,SINTÉTICA!$A$18:$H$169,5,0) -> m² | F61: =VLOOKUP(A61,SINTÉTICA!$A$18:$J$165,6,0) -> 0 | G61: =VLOOKUP(A61,SINTÉTICA!$A$18:$J$156,8,0) -> 2.363671 | H61: =TRUNC(F61*G61,2) -> 0 | I61: =H61/$H$65 -> 0 | J61: =J60+I61 -> 1 | K61: =IF(J61<=$H$71,"A",IF(J61<=$H$72+$H$71,"B","C")) -> C
A62: 2.4 | B62: =VLOOKUP(A62,SINTÉTICA!$A$18:$H$169,2,0) -> SINAPI | C62: =VLOOKUP(A62,SINTÉTICA!$A$18:$H$169,3,0) -> 100574 | D62: =VLOOKUP(A62,SINTÉTICA!$A$18:$H$169,4,0) -> ESPALHAMENTO DE MATERIAL COM TRATOR DE ESTEIRAS. AF_09/2024 | E62: =VLOOKUP(A62,SINTÉTICA!$A$18:$H$169,5,0) -> m³ | F62: =VLOOKUP(A62,SINTÉTICA!$A$18:$J$165,6,0) -> 0 | G62: =VLOOKUP(A62,SINTÉTICA!$A$18:$J$156,8,0) -> 1.726827 | H62: =TRUNC(F62*G62,2) -> 0 | I62: =H62/$H$65 -> 0 | J62: =J61+I62 -> 1 | K62: =IF(J62<=$H$71,"A",IF(J62<=$H$72+$H$71,"B","C")) -> C
A63: 3.2 | B63: =VLOOKUP(A63,SINTÉTICA!$A$18:$H$169,2,0) -> SINAPI | C63: =VLOOKUP(A63,SINTÉTICA!$A$18:$H$169,3,0) -> 93382 | D63: =VLOOKUP(A63,SINTÉTICA!$A$18:$H$169,4,0) -> REATERRO MANUAL DE VALAS, COM COMPACTADOR DE SOLOS DE PERCUSSÃO. AF_08/2023 | E63: =VLOOKUP(A63,SINTÉTICA!$A$18:$H$169,5,0) -> m³ | F63: =VLOOKUP(A63,SINTÉTICA!$A$18:$J$165,6,0) -> 0 | G63: =VLOOKUP(A63,SINTÉTICA!$A$18:$J$156,8,0) -> 33.654756 | H63: =TRUNC(F63*G63,2) -> 0 | I63: =H63/$H$65 -> 0 | J63: =J62+I63 -> 1 | K63: =IF(J63<=$H$71,"A",IF(J63<=$H$72+$H$71,"B","C")) -> C
A65: TOTAL GERAL | H65: =SUM(H16:H63) -> 211330.32
A67: Importa o seguinte orçamento em: | D67: =H65 -> 211330.32
D68: =SINTÉTICA!D83 -> Duzentos e Onze Mil e Trezentos e Trinta Reais e Trinta e Dois Centavos
G70: CLASSE | H70: CORTE | I70: PROPORÇÃO P/ ITEM | J70: PROPORÇÃO P/ VALOR
G71: A | H71: 0.7 | I71: =COUNTIF($K$16:$K$25,G71)/COUNTA($K$16:$K$25) -> 0.4 | J71: =SUMIF($K$16:$K$25,G71,$I$16:$I$25) -> 0.62605148
G72: B | H72: 0.25 | I72: =COUNTIF($K$16:$K$25,G72)/COUNTA($K$16:$K$25) -> 0.6 | J72: =SUMIF($K$16:$K$25,G72,$I$16:$I$25) -> 0.22183291
G73: C | H73: 0.05 | I73: =COUNTIF($K$16:$K$25,G73)/COUNTA($K$16:$K$25) -> 0 | J73: =SUMIF($K$16:$K$25,G73,$I$16:$I$25) -> 0
A74: =DADOS!$C$12 -> Paço do Lumiar-MA, 06 de outubro de 2025.
E76: ______________________________________
E77: =DADOS!$C$14 -> Fernando Aragão Costa
E78: =DADOS!$C$15 -> Engenheiro
E79: =DADOS!$C$16 -> 1115360060
M152: =H65-SINTÉTICA!$I$80 -> 0
M157: OBSERVAÇÃO: | N157: Diagrama de Pareto

Sheet CRONOGRAMA
A1: 11.67 | B1: 55.11 | C1: 20.56 | D1: 8.56 | E1: 16.56 | K1: =SUM(A1:E1) -> 112.46
A5: OBJETO: | B5: =DADOS!$C$2 -> CONTRATAÇÃO DE EMPRESA ESPECIALIZADA EM CONSTRUÇÃO PARA CONCLUSÃO DE 01 PORTAL TURÍSTICO EM PAÇO DO LUMIAR – MA, LOCALIZADO NA RUA ANTÔNIO, VILA DO PAÇO, REFERENTE AO CONTRATO DE REPASSE Nº 832525/2016/MTUR/CAIXA” CONFORME SUAS ATUALIZAÇÕES DE META E REPROGRAMAÇÃO”, EM ACORDO COM O PROJETO BÁSICO
A6: Local: | B6: =DADOS!$C$3 -> PAÇO DO LUMIAR -MA.
A8: Data Base: | B8: =DADOS!C$4 -> SINAPI 04/2025 - Maranhão; SICRO3 01/2025 - Maranhão; ORSE 02/2025 - Sergipe; SEINFRA 028 - Ceará
A9: BDI: | B9: =DADOS!$C$5 -> 0.2247 | D9: ENCARGOS SOCIAIS: | E9: =DADOS!$C$7 -> SEM DESONERAÇÃO
A10: BDI DIF.: | B10: =DADOS!$C$6 -> 0 | D10: Horista | E10: =DADOS!$C$8 -> 1.1273
A11: Revisão: | B11: =DADOS!$C$10 -> 0 | D11: Mensalista | E11: =DADOS!$C$9 -> 0.7019
A13: CRONOGRAMA FÍSICO-FINANCEIRO
A15: ITEM | B15: SERVIÇOS | C15: VALOR | D15: % | E15: MESES
E16: 1º MÊS | F16: 2º MÊS | G16: 3º MÊS | H16: 4º MÊS | I16: 5º MÊS | J16: 6º MÊS
A18: 1 | B18: =VLOOKUP(A18,SINTÉTICA!$A$18:$E$171,4,0) -> SERVIÇOS PRELIMINARES | C18: =VLOOKUP(A18,SINTÉTICA!$A$18:$I$11147,9,0) -> 0 | D18: =C18/$C$45 -> 0 | E18: 0
E19: =$C$18*E18 -> 0 | F19: =$C$18*F18 -> 0 | G19: =$C$18*G18 -> 0 | H19: =$C$18*H18 -> 0 | I19: =$C$18*I18 -> 0 | J19: =$C$18*J18 -> 0
A20: 2 | B20: =VLOOKUP(A20,SINTÉTICA!$A$18:$E$171,4,0) -> SERVIÇOS DE TERRAPLENAGEM | C20: =VLOOKUP(A20,SINTÉTICA!$A$18:$I$11147,9,0) -> 0 | D20: =C20/$C$45 -> 0 | E20: 0
E21: =$C$20*E20 -> 0 | F21: =$C$40*F20 -> 0 | G21: =$C$40*G20 -> 0 | H21: =$C$40*H20 -> 0 | I21: =$C$40*I20 -> 0 | J21: =$C$40*J20 -> 0
A22: 3 | B22: =VLOOKUP(A22,SINTÉTICA!$A$18:$E$171,4,0) -> INFRAESTRUTURA E SUPERESTRUTURA | C22: =VLOOKUP(A22,SINTÉTICA!$A$18:$I$11147,9,0) -> 3076.17 | D22: =C22/$C$45 -> 0.014556217 | E22: 1
E23: =$C$22*E22 -> 3076.17 | F23: =$C$40*F22 -> 0 | G23: =$C$40*G22 -> 0 | H23: =$C$40*H22 -> 0 | I23: =$C$40*I22 -> 0 | J23: =$C$40*J22 -> 0
A24: 4 | B24: =VLOOKUP(A24,SINTÉTICA!$A$18:$E$171,4,0) -> ESTRUTURA METÁLICA | C24: =VLOOKUP(A24,SINTÉTICA!$A$18:$I$11147,9,0) -> 29767.8 | D24: =C24/$C$45 -> 0.14085911 | E24: 1 | F24: 0
E25: =$C$24*E24 -> 29767.8 | F25: =$C$24*F24 -> 0 | G25: =$C$24*G24 -> 0 | H25: =$C$24*H24 -> 0 | I25: =$C$24*I24 -> 0 | J25: =$C$24*J24 -> 0
A26: 5 | B26: =VLOOKUP(A26,SINTÉTICA!$A$18:$E$171,4,0) -> COBERTURA | C26: =VLOOKUP(A26,SINTÉTICA!$A$18:$I$11147,9,0) -> 10957.26 | D26: =C26/$C$45 -> 0.051848973 | F26: 1
E27: =$C$26*E26 -> 0 | F27: =$C$26*F26 -> 10957.26 | G27: =$C$26*G26 -> 0 | H27: =$C$26*H26 -> 0 | I27: =$C$26*I26 -> 0 | J27: =$C$26*J26 -> 0
A28: 6 | B28: =VLOOKUP(A28,SINTÉTICA!$A$18:$E$171,4,0) -> PISOS | C28: =VLOOKUP(A28,SINTÉTICA!$A$18:$I$11147,9,0) -> 11861.28 | D28: =C28/$C$45 -> 0.056126731 | F28: 1 | G28: 0
E29: =$C$28*E28 -> 0 | F29: =$C$28*F28 -> 11861.28 | G29: =$C$28*G28 -> 0 | H29: =$C$28*H28 -> 0 | I29: =$C$28*I28 -> 0 | J29: =$C$28*J28 -> 0
A30: 7 | B30: =VLOOKUP(A30,SINTÉTICA!$A$18:$E$171,4,0) -> ALVENARIA | C30: =VLOOKUP(A30,SINTÉTICA!$A$18:$I$11147,9,0) -> 3761.91 | D30: =C30/$C$45 -> 0.01780109 | F30: 1 | G30: 0
E31: =$C$30*E30 -> 0 | F31: =$C$30*F30 -> 3761.91 | G31: =$C$30*G30 -> 0 | H31: =$C$30*H30 -> 0 | I31: =$C$30*I30 -> 0 | J31: =$C$30*J30 -> 0
A32: 8 | B32: =VLOOKUP(A32,SINTÉTICA!$A$18:$E$171,4,0) -> REVESTIMENTO | C32: =VLOOKUP(A32,SINTÉTICA!$A$18:$I$11147,9,0) -> 93198.1 | D32: =C32/$C$45 -> 0.44100676 | G32: 0.5 | H32: 0.5
E33: =$C$32*E32 -> 0 | F33: =$C$32*F32 -> 0 | G33: =$C$32*G32 -> 46599.05 | H33: =$C$32*H32 -> 46599.05 | I33: =$C$32*I32 -> 0 | J33: =$C$32*J32 -> 0
A34: 9 | B34: =VLOOKUP(A34,SINTÉTICA!$A$18:$E$171,4,0) -> INSTALAÇÕES ELÉTRICAS | C34: =VLOOKUP(A34,SINTÉTICA!$A$18:$I$11147,9,0) -> 6372.11 | D34: =C34/$C$45 -> 0.03015237 | I34: 1
E35: =$C$34*E34 -> 0 | F35: =$C$34*F34 -> 0 | G35: =$C$34*G34 -> 0 | H35: =$C$34*H34 -> 0 | I35: =$C$34*I34 -> 6372.11 | J35: =$C$34*J34 -> 0 | Q35: =100/6 -> 16.666667
A36: 10 | B36: =VLOOKUP(A36,SINTÉTICA!$A$18:$E$171,4,0) -> DRENAGEM SUPERFICIAL | C36: =VLOOKUP(A36,SINTÉTICA!$A$18:$I$11147,9,0) -> 8170.54 | D36: =C36/$C$45 -> 0.038662412 | I36: 1
E37: =$C$36*E36 -> 0 | F37: =$C$36*F36 -> 0 | G37: =$C$36*G36 -> 0 | H37: =$C$36*H36 -> 0 | I37: =$C$36*I36 -> 8170.54 | J37: =$C$36*J36 -> 0
A38: 11 | B38: =VLOOKUP(A38,SINTÉTICA!$A$18:$E$171,4,0) -> PINTURA | C38: =VLOOKUP(A38,SINTÉTICA!$A$18:$I$11147,9,0) -> 696.81 | D38: =C38/$C$45 -> 0.0032972552 | J38: 1
E39: =$C$38*E38 -> 0 | F39: =$C$38*F38 -> 0 | G39: =$C$38*G38 -> 0 | H39: =$C$38*H38 -> 0 | I39: =$C$38*I38 -> 0 | J39: =$C$38*J38 -> 696.81
A40: 12 | B40: =VLOOKUP(A40,SINTÉTICA!$A$18:$E$171,4,0) -> DIVERSOS | C40: =VLOOKUP(A40,SINTÉTICA!$A$18:$I$11147,9,0) -> 24571.05 | D40: =C40/$C$45 -> 0.11626846 | E40: 0.2 | F40: 0.15 | G40: 0.15 | H40: 0.15 | I40: 0.15 | J40: 0.2
E41: =$C$40*E40 -> 4914.21 | F41: =$C$40*F40 -> 3685.6575 | G41: =$C$40*G40 -> 3685.6575 | H41: =$C$40*H40 -> 3685.6575 | I41: =$C$40*I40 -> 3685.6575 | J41: =$C$40*J40 -> 4914.21
A42: 13 | B42: =VLOOKUP(A42,SINTÉTICA!$A$18:$E$171,4,0) -> ADMINISTRAÇÃO LOCAL | C42: =VLOOKUP(A42,SINTÉTICA!$A$18:$I$11147,9,0) -> 18897.29 | D42: =C42/$C$45 -> 0.089420628 | E42: 0.1666 | F42: 0.1666 | G42: 0.1666 | H42: 0.1666 | I42: 0.1666 | J42: 0.1667
E43: =$C$42*E42 -> 3148.2885 | F43: =$C$42*F42 -> 3148.2885 | G43: =$C$42*G42 -> 3148.2885 | H43: =$C$42*H42 -> 3148.2885 | I43: =$C$42*I42 -> 3148.2885 | J43: =$C$42*J42 -> 3150.1782
A45: TOTAL MÊS | C45: =SUM(C18:C43) -> 211330.32 | D45: =SUM(D18:D43) -> 1 | E45: =SUM(E19,E21,E23,E25,E27,E29,E31,E33,E35,E37,E39,E41,E43) -> 40906.469 | F45: =SUM(F19,F21,F23,F25,F27,F29,F31,F33,F35,F37,F39,F41,F43) -> 33414.396 | G45: =SUM(G19,G21,G23,G25,G27,G29,G31,G33,G35,G37,G39,G41,G43) -> 53432.996 | H45: =SUM(H19,H21,H23,H25,H27,H29,H31,H33,H35,H37,H39,H41,H43) -> 53432.996 | I45: =SUM(I19,I21,I23,I25,I27,I29,I31,I33,I35,I37,I39,I41,I43) -> 21376.596 | J45: =SUM(J19,J21,J23,J25,J27,J29,J31,J33,J35,J37,J39,J41,J43) -> 8761.1982
A46: PERCENTUAL MÊS | E46: =E45/$C$45 -> 0.19356649 | F46: =F45/$C$45 -> 0.15811454 | G46: =G45/$C$45 -> 0.25284113 | H46: =H45/$C$45 -> 0.25284113 | I46: =I45/$C$45 -> 0.10115253 | J46: =J45/$C$45 -> 0.041457365 | O46: =100/12 -> 8.3333333
A47: VALOR ACUMULADO | E47: =E45 -> 40906.469 | F47: =SUM(E45:F45) -> 74320.865 | G47: =SUM(E45:G45) -> 127753.86 | H47: =SUM(E45:H45) -> 181186.86 | I47: =SUM(E45:I45) -> 202563.45 | J47: =SUM(E45:J45) -> 211324.65
A48: PERCENTUAL ACUMULADO | E48: =E47/$C$45 -> 0.19356649 | F48: =F47/$C$45 -> 0.35168103 | G48: =G47/$C$45 -> 0.60452216 | H48: =H47/$C$45 -> 0.85736328 | I48: =I47/$C$45 -> 0.95851581 | J48: =J47/$C$45 -> 0.99997317
H52: =DADOS!$C$12 -> Paço do Lumiar-MA, 06 de outubro de 2025.
E54: ______________________________________
E55: =DADOS!$C$14 -> Fernando Aragão Costa
E56: =DADOS!$C$15 -> Engenheiro
E57: =DADOS!$C$16 -> 1115360060

Sheet ENCARGOS
A5: OBJETO: | B5: =DADOS!$C$2 -> CONTRATAÇÃO DE EMPRESA ESPECIALIZADA EM CONSTRUÇÃO PARA CONCLUSÃO DE 01 PORTAL TURÍSTICO EM PAÇO DO LUMIAR – MA, LOCALIZADO NA RUA ANTÔNIO, VILA DO PAÇO, REFERENTE AO CONTRATO DE REPASSE Nº 832525/2016/MTUR/CAIXA” CONFORME SUAS ATUALIZAÇÕES DE META E REPROGRAMAÇÃO”, EM ACORDO COM O PROJETO BÁSICO
A6: Local: | B6: =DADOS!$C$3 -> PAÇO DO LUMIAR -MA.
A8: Data Base: | B8: =DADOS!$C$4 -> SINAPI 04/2025 - Maranhão; SICRO3 01/2025 - Maranhão; ORSE 02/2025 - Sergipe; SEINFRA 028 - Ceará
A9: BDI: | B9: =DADOS!$C$5 -> 0.2247 | E9: ENCARGOS SOCIAIS: | F9: =DADOS!$C$7 -> SEM DESONERAÇÃO
A10: BDI DIF.: | B10: =DADOS!$C$6 -> 0 | E10: Horista | F10: =IF($F$9="COM DESONERAÇÃO",$D$52,IF($F$9="SEM DESONERAÇÃO",$F$52)) -> 1.1273
A11: Revisão: | B11: =DADOS!$C$10 -> 0 | E11: Mensalista | F11: =IF($F$9="COM DESONERAÇÃO",$E$52,IF($F$9="SEM DESONERAÇÃO",$G$52)) -> 0.7019
A13: ENCARGOS SOCIAIS SOBRE PREÇOS DA MÃO DE OBRA HORISTA E MENSALISTA
A15: CÓDIGO | B15: DESCRIÇÃO | D15: COM DESONERAÇÃO | F15: SEM DESONERAÇÃO
D16: HORISTA | E16: MENSALISTA | F16: HORISTA | G16: MENSALISTA
A17: GRUPO A
A18: A1 | B18: INSS | D18: 0.05 | E18: 0.05 | F18: 0.2 | G18: 0.2
A19: A2 | B19: SESI | D19: 0.015 | E19: 0.015 | F19: 0.015 | G19: 0.015
A20: A3 | B20: SENAI | D20: 0.01 | E20: 0.01 | F20: 0.01 | G20: 0.01
A21: A4 | B21: INCRA | D21: 0.002 | E21: 0.002 | F21: 0.002 | G21: 0.002
A22: A5 | B22: SEBRAE | D22: 0.006 | E22: 0.006 | F22: 0.006 | G22: 0.006
A23: A6 | B23: Salário Educação | D23: 0.025 | E23: 0.025 | F23: 0.025 | G23: 0.025
A24: A7 | B24: Seguro Contra Acidentes de Trabalho | D24: 0.03 | E24: 0.03 | F24: 0.03 | G24: 0.03
A25: A8 | B25: FGTS | D25: 0.08 | E25: 0.08 | F25: 0.08 | G25: 0.08
A26: A9 | B26: SECONCI | D26: 0 | E26: 0 | F26: 0 | G26: 0
A27: A | B27: SUB-TOTAL GRUPO A | D27: =SUM(D18:D26) -> 0.218 | E27: =SUM(E18:E26) -> 0.218 | F27: =SUM(F18:F26) -> 0.368 | G27: =SUM(G18:G26) -> 0.368
A28: GRUPO B
A29: B1 | B29: Repouso Semanal Remunerado | D29: 0.1788 | E29: Não incide | F29: 0.1788 | G29: Não incide
A30: B2 | B30: Feriados | D30: 0.0395 | E30: Não incide | F30: 0.0395 | G30: Não incide
A31: B3 | B31: Auxílio - Enfermidade | D31: 0.0086 | E31: 0.0065 | F31: 0.0086 | G31: 0.0065
A32: B4 | B32: 13° Salário | D32: 0.1097 | E32: 0.0833 | F32: 0.1097 | G32: 0.0833
A33: B5 | B33: Licença Paternidade | D33: 0.0007 | E33: 0.0005 | F33: 0.0007 | G33: 0.0005
A34: B6 | B34: Faltas Justificadas | D34: 0.0073 | E34: 0.0056 | F34: 0.0073 | G34: 0.0056
A35: B7 | B35: Dias de Chuva | D35: 0.0156 | E35: Não incide | F35: 0.0156 | G35: Não incide
A36: B8 | B36: Auxílio Acidentes de Trabalho | D36: 0.001 | E36: 0.0007 | F36: 0.001 | G36: 0.0007
A37: B9 | B37: Férias Gozadas | D37: 0.1116 | E37: 0.0848 | F37: 0.1116 | G37: 0.0848
A38: B10 | B38: Salário Maternidade | D38: 0.0003 | E38: 0.0003 | F38: 0.0003 | G38: 0.0003
A39: B | B39: SUB-TOTAL GRUPO B | D39: =SUM(D29:D38) -> 0.4731 | E39: =SUM(E29:E38) -> 0.1817 | F39: =SUM(F29:F38) -> 0.4731 | G39: =SUM(G29:G38) -> 0.1817
A40: GRUPO C
A41: C1 | B41: Aviso Prévio Indenizado | D41: 0.0455 | E41: 0.0346 | F41: 0.0455 | G41: 0.0346
A42: C2 | B42: Aviso Prévio Trabalhado | D42: 0.0011 | E42: 0.0008 | F42: 0.0011 | G42: 0.0008
A43: C3 | B43: Férias Indenizadas | D43: 0.0317 | E43: 0.024 | F43: 0.0317 | G43: 0.024
A44: C4 | B44: Depósito Rescisão Sem Justa Causa | D44: 0.026 | E44: 0.0199 | F44: 0.026 | G44: 0.0199
A45: C5 | B45: Indenização Adicional | D45: 0.0038 | E45: 0.0029 | F45: 0.0038 | G45: 0.0029
A46: C | B46: SUB-TOTAL GRUPO C | D46: =SUM(D41:D45) -> 0.1081 | E46: =SUM(E41:E45) -> 0.0822 | F46: =SUM(F41:F45) -> 0.1081 | G46: =SUM(G41:G45) -> 0.0822
A47: GRUPO D
A48: D1 | B48: Reicidência de Grupo A sobre Grupo B | D48: 0.0977 | E48: 0.0354 | F48: 0.1741 | G48: 0.0669
A49: D2 | B49: Reincidêcia de Grupo A sobre Aviso Prévio Trabalhando e Reincidência do FGTS sobre Aviso Prévio Indenizado | D49: 0.0039 | E49: 0.0029 | F49: 0.004 | G49: 0.0031
A50: D | B50: SUB-TOTAL GRUPO D | D50: =SUM(D48:D49) -> 0.1016 | E50: =SUM(E48:E49) -> 0.0383 | F50: =SUM(F48:F49) -> 0.1781 | G50: =SUM(G48:G49) -> 0.07
A52: Total (A + B + C + D) | D52: =D27+D39+D46+D50 -> 0.9008 | E52: =E27+E39+E46+E50 -> 0.5202 | F52: =F27+F39+F46+F50 -> 1.1273 | G52: =G27+G39+G46+G50 -> 0.7019
A54: ADOTADOS OS PERCENTUAIS: | D54: % Total de Encargos Sociais Sobre a Mão de Obra:
A55: Código: | B55: % dos Grupos | D55: =$F$9 -> SEM DESONERAÇÃO
A56: A: | B56: =IF($F$9="COM DESONERAÇÃO",$D$27,IF($F$9="SEM DESONERAÇÃO",$F$27)) -> 0.368 | D56: HORISTAS | F56: MENSALISTAS
A57: B: | B57: =IF($F$9="COM DESONERAÇÃO",$D$39,IF($F$9="SEM DESONERAÇÃO",$F$39)) -> 0.4731 | D57: =IF($F$9="COM DESONERAÇÃO",$D$52,IF($F$9="SEM DESONERAÇÃO",$F$52)) -> 1.1273 | F57: =IF($F$9="COM DESONERAÇÃO",$E$52,IF($F$9="SEM DESONERAÇÃO",$G$52)) -> 0.7019
A58: C: | B58: =IF($F$9="COM DESONERAÇÃO",$D$46,IF($F$9="SEM DESONERAÇÃO",$F$46)) -> 0.1081
A59: D: | B59: =IF($F$9="COM DESONERAÇÃO",$D$50,IF($F$9="SEM DESONERAÇÃO",$F$50)) -> 0.1781
A60: NOTAS:
A61: 1 - Composição conforme SINAPI_Encargos_Sociais_A_PARTIR_DE_JANEIRO_2025 - MARANHÃO.
A64: =DADOS!$C$12 -> Paço do Lumiar-MA, 06 de outubro de 2025.
C72: ______________________________________
C73: =DADOS!$C$14 -> Fernando Aragão Costa
C74: =DADOS!$C$15 -> Engenheiro
C75: =DADOS!$C$16 -> 1115360060

Sheet BDI
A4: OBJETO: | B4: =DADOS!$C$2 -> CONTRATAÇÃO DE EMPRESA ESPECIALIZADA EM CONSTRUÇÃO PARA CONCLUSÃO DE 01 PORTAL TURÍSTICO EM PAÇO DO LUMIAR – MA, LOCALIZADO NA RUA ANTÔNIO, VILA DO PAÇO, REFERENTE AO CONTRATO DE REPASSE Nº 832525/2016/MTUR/CAIXA” CONFORME SUAS ATUALIZAÇÕES DE META E REPROGRAMAÇÃO”, EM ACORDO COM O PROJETO BÁSICO
A5: Local: | B5: =DADOS!C3 -> PAÇO DO LUMIAR -MA.
A7: DATA BASE: | B7: =DADOS!$C$4 -> SINAPI 04/2025 - Maranhão; SICRO3 01/2025 - Maranhão; ORSE 02/2025 - Sergipe; SEINFRA 028 - Ceará
A8: BDI: | B8: =DADOS!$C$5 -> 0.2247 | C8: ENCARGOS SOCIAIS: | D8: =DADOS!$C$7 -> SEM DESONERAÇÃO
A9: BDI DIF.: | B9: =DADOS!$C$6 -> 0 | C9: Horista | D9: =DADOS!$C$8 -> 1.1273
A10: Revisão: | B10: =DADOS!$C$10 -> 0 | C10: Mensalista | D10: =DADOS!$C$9 -> 0.7019
A12: BDI - BENEFÍCIOS E DESPESAS INDIRETAS | G12: Para o tipo de obra “Construção de Edifícios”: | L12: Para o tipo de obra “Construção de Redes de Abastecimento de Água, Coleta de Esgoto e Construções Correlatas”:
A14: Tipo de Obra: | B14: Construção de Edifícios
A16: AC | B16: ADMINISTRAÇÃO CENTRAL | G16: PARCELA DO BDI | H16: 1 Quartil | I16: Médio | J16: 3 Quartil | L16: PARCELA DO BDI | M16: 1 Quartil | N16: Médio | O16: 3 Quartil
B17: Administração Central | E17: 0.03 | G17: Administração Central | H17: 0.03 | I17: 0.04 | J17: 0.055 | L17: Administração Central | M17: 0.0343 | N17: 0.0493 | O17: 0.0671
B18: Total AC= | E18: =E17 -> 0.03 | G18: Seguro e Garantia | H18: 0.008 | I18: 0.008 | J18: 0.01 | L18: Seguro e Garantia | M18: 0.0028 | N18: 0.0049 | O18: 0.0075
A19: DF | B19: DESPESAS FINANCEIRAS | G19: Risco | H19: 0.0097 | I19: 0.0127 | J19: 0.0127 | L19: Risco | M19: 0.01 | N19: 0.0139 | O19: 0.0174
B20: Despesas Financeiras | E20: 0.0059 | G20: Despesas Financeiras | H20: 0.0059 | I20: 0.0123 | J20: 0.0139 | L20: Despesas Financeiras | M20: 0.0094 | N20: 0.0099 | O20: 0.0117
B21: Total DF= | E21: =E20 -> 0.0059 | G21: Lucro | H21: 0.0616 | I21: 0.074 | J21: 0.0896 | L21: Lucro | M21: 0.0674 | N21: 0.0804 | O21: 0.094
A22: S, R e G | B22: SEGUROS, RISCOS E GARANTIA | G22: PIS, COFINS e ISSQN | H22: Conforme legislação específica | L22: PIS, COFINS e ISSQN | M22: Conforme legislação específica
B23: Taxas de Seguros | E23: 0.008
B24: Taxas de Riscos | E24: 0.0097
B25: Taxas de Garantias | E25: 0.008 | G25: Para o tipo de obra “Construção de Rodovias e Ferrovias”: | L25: Para “Fornecimento de Materiais e Equipamentos”:
B26: Total S, R e G= | E26: =E24+(E23+E25)/2 -> 0.0177 | G26: PARCELA DO BDI | H26: 1 Quartil | I26: Médio | J26: 3 Quartil | L26: PARCELA DO BDI | M26: 1 Quartil | N26: Médio | O26: 3 Quartil
A27: L | B27: LUCRO | G27: Administração Central | H27: 0.038 | I27: 0.0401 | J27: 0.0467 | L27: Administração Central | M27: 0.015 | N27: 0.0345 | O27: 0.0449
B28: Lucro Bruto | E28: 0.0616 | G28: Seguro e Garantia | H28: 0.0032 | I28: 0.004 | J28: 0.0074 | L28: Seguro e Garantia | M28: 0.003 | N28: 0.0048 | O28: 0.0082
B29: Total L= | E29: =E28 -> 0.0616 | G29: Risco | H29: 0.005 | I29: 0.0056 | J29: 0.0097 | L29: Risco | M29: 0.0056 | N29: 0.0085 | O29: 0.0089
A30: I | B30: TRIBUTOS | G30: Despesas Financeiras | H30: 0.0102 | I30: 0.0111 | J30: 0.0121 | L30: Despesas Financeiras | M30: 0.0085 | N30: 0.0085 | O30: 0.0111
B31: ISS | E31: 0.05 | G31: Lucro | H31: 0.0664 | I31: 0.073 | J31: 0.0869 | L31: Lucro | M31: 0.035 | N31: 0.0511 | O31: 0.0622
B32: PIS | E32: 0.0065 | G32: PIS, COFINS e ISSQN | H32: Conforme legislação específica | L32: PIS, COFINS e ISSQN | M32: Conforme legislação específica
B33: COFINS | E33: 0.03
B34: CPRB | E34: 0
B35: Total I= | E35: =SUM(E31:E34) -> 0.0865
B37: BDI=((1+AC+S+R+G)*(1+DF)*(1+L))/(1-I))-1 | E37: =ROUND((((1+E18+E26)*(1+E21)*(1+E29))/(1-E35))-1,4) -> 0.2247
A38: VERIFICAÇÃO: | D38: =IF(E37<28.81%,"Percentual do BDI é inferior ao limite estipulado pelo Acórdão TCU 2.622/2013",IF(E37>37.08%,"Percentual do BDI é superior ao limite estipulado pelo Acórdão TCU 2.622/2013","Percentual do BDI está dentro dos Limites do TCU!")) -> Percentual do BDI é inferior ao limite estipulado pelo Acórdão TCU 2.622/2013
A40: NOTA:
B41: 1 - A fórmula para o cálculo do BDI, acima utilizada, segue o Acórdão 2.622/2013-TCU/Plenário;
B42: 2 - Alíquota do ISS é determinada pela "Relação de Serviços" do município onde se prestará o serviço conforme art. 1° e art. 8° da Lei Complementar n° 116/2001;
B43: 3 - Alíquota máxima de PIS é de até 1,65% conforme Lei n°10.637/02 em consonância ao Regime de Tributação da Empresa;
B44: 4 - Alíquota máxima de COFINS é de 3% conforme Lei n° 10.833/03;
B45: 5 - Os percentuais dos itens que compõem analiticamente o BDI são os limites referenciais máximos admitidos pela Administração;
A47: =DADOS!$C$12 -> Paço do Lumiar-MA, 06 de outubro de 2025.
C52: ______________________________________
C53: =DADOS!$C$14 -> Fernando Aragão Costa
C54: =DADOS!$C$15 -> Engenheiro
C55: =DADOS!$C$16 -> 1115360060

Sheet CPU
A7: OBJETO: | B7: =DADOS!$C$2 -> CONTRATAÇÃO DE EMPRESA ESPECIALIZADA EM CONSTRUÇÃO PARA CONCLUSÃO DE 01 PORTAL TURÍSTICO EM PAÇO DO LUMIAR – MA, LOCALIZADO NA RUA ANTÔNIO, VILA DO PAÇO, REFERENTE AO CONTRATO DE REPASSE Nº 832525/2016/MTUR/CAIXA” CONFORME SUAS ATUALIZAÇÕES DE META E REPROGRAMAÇÃO”, EM ACORDO COM O PROJETO BÁSICO
A8: Local: | B8: =DADOS!$C$3 -> PAÇO DO LUMIAR -MA.
A10: Data Base: | B10: =DADOS!$C$4 -> SINAPI 04/2025 - Maranhão; SICRO3 01/2025 - Maranhão; ORSE 02/2025 - Sergipe; SEINFRA 028 - Ceará
A11: BDI: | B11: =DADOS!$C$5 -> 0.2247 | E11: ENCARGOS SOCIAIS: | F11: =DADOS!$C$7 -> SEM DESONERAÇÃO
A12: BDI DIF.: | B12: =DADOS!$C$6 -> 0 | E12: Horista | F12: =DADOS!$C$8 -> 1.1273
A13: Revisão: | B13: =DADOS!$C$10 -> 0 | E13: Mensalista | F13: =DADOS!$C$9 -> 0.7019
A15: CPU - COMPOSIÇÃO DE PREÇO UNITÁRIO
A17: CPU.201 | C17: ADMINISTRAÇÃO DE OBRA | D17: MÊS | E17: PRÓPRIA | F17: CPU | G17: =G29 -> 15430.14 | H17: =A17 -> CPU.201 | I17: OK
A18: FONTE | B18: CODIGO | C18: A - MÃO DE OBRA | D18: UNIDADE | E18: COEFICIENTE | F18: P. UNITÁRIO | G18: TOTAL PARCIAL
A19: SINAPI | B19: 90776 | C19: ENCARREGADO GERAL COM ENCARGOS COMPLEMENTARES | D19: H | E19: 220 | F19: 31.47 | G19: =TRUNC(E19*F19,2) -> 6923.4
A20: SINAPI | B20: 90777 | C20: ENGENHEIRO CIVIL DE OBRA JUNIOR COM ENCARGOS COMPLEMENTARES | D20: H | E20: 66 | F20: 128.89 | G20: =TRUNC(E20*F20,2) -> 8506.74
F21: Total de Mão de Obra com Encargos Sociais | G21: =TRUNC(SUM(G19:G20),2) -> 15430.14
A22: FONTE | B22: CODIGO | C22: B - MATERIAIS E SERVIÇOS AUXILIARES | D22: UNIDADE | E22: COEFICIENTE | F22: P. UNITÁRIO | G22: TOTAL PARCIAL
G23: =TRUNC(E23*F23,2) -> 0
F24: Total de Materiais e Auxiliares | G24: =TRUNC(SUM(G23:G23),2) -> 0
A25: FONTE | B25: CODIGO | C25: C - EQUIPAMENTOS | D25: UNIDADE | E25: COEFICIENTE | F25: P. UNITÁRIO | G25: TOTAL PARCIAL
G26: =TRUNC(E26*F26,2) -> 0
G27: =TRUNC(E27*F27,2) -> 0
F28: Total de Equipamentos | G28: =TRUNC(SUM(G26:G27),2) -> 0
F29: PREÇO UNITÁRIO ( A + B + C ) | G29: =TRUNC(SUM(G21,G24,G28),2) -> 15430.14
A32: =DADOS!$C$12 -> Paço do Lumiar-MA, 06 de outubro de 2025.
C38: ______________________________________
C39: =DADOS!$C$14 -> Fernando Aragão Costa
C40: =DADOS!$C$15 -> Engenheiro | H40: =#REF! -> #REF!
C41: =DADOS!$C$16 -> 1115360060
H55: =#REF! -> #REF! | I55: OK
H70: =#REF! -> #REF!
H84: =#REF! -> #REF!
H98: =#REF! -> #REF!
H104: =UPPER(#REF!) -> #REF!
H105: =UPPER(#REF!) -> #REF!
H119: =#REF! -> #REF!
H137: =#REF! -> #REF!
H139: =1.5*0.6 -> 0.9
H140: =0.5*2.9 -> 1.45
H141: =1.5*0.0211/0.9 -> 0.035166667
H158: =#REF! -> #REF!
H160: =1.5*0.6 -> 0.9
H161: =0.5*2.9 -> 1.45
H162: =1.5*0.0211/0.9 -> 0.035166667
H174: =#REF! -> #REF!
H176: =1.5*0.6 -> 0.9
H177: =0.5*2.9 -> 1.45
H178: =1.5*0.0211/0.9 -> 0.035166667
H191: =#REF! -> #REF!

Sheet BDI DIFERENCIADO
A1: GOVERNO DO MARANHÃO
A2: AGENCIA EXECUTIVA METROPOLITANA - AGEM
A4: OBJETO: | B4: =DADOS!$C$2 -> CONTRATAÇÃO DE EMPRESA ESPECIALIZADA EM CONSTRUÇÃO PARA CONCLUSÃO DE 01 PORTAL TURÍSTICO EM PAÇO DO LUMIAR – MA, LOCALIZADO NA RUA ANTÔNIO, VILA DO PAÇO, REFERENTE AO CONTRATO DE REPASSE Nº 832525/2016/MTUR/CAIXA” CONFORME SUAS ATUALIZAÇÕES DE META E REPROGRAMAÇÃO”, EM ACORDO COM O PROJETO BÁSICO
A5: Local: | B5: =DADOS!$C$3 -> PAÇO DO LUMIAR -MA.
A7: DATA BASE: | B7: =DADOS!$C$4 -> SINAPI 04/2025 - Maranhão; SICRO3 01/2025 - Maranhão; ORSE 02/2025 - Sergipe; SEINFRA 028 - Ceará
A8: BDI: | B8: =DADOS!$C$5 -> 0.2247 | C8: ENCARGOS SOCIAIS: | D8: =DADOS!$C$7 -> SEM DESONERAÇÃO
A9: BDI DIF.: | B9: =DADOS!$C$6 -> 0 | C9: Horista | D9: =DADOS!$C$8 -> 1.1273
A10: Revisão: | B10: =DADOS!$C$10 -> 0 | C10: Mensalista | D10: =DADOS!$C$9 -> 0.7019
A12: BDI - BENEFÍCIOS E DESPESAS INDIRETAS DIFERENCIADO
A14: D | B14: GRUPO A
B15: RISCO | E15: 0.005
B16: Total D= | E16: =E15 -> 0.005
A17: BDI | B17: GRUPO B
B18: BDI | E18: 0.15
B19: Total BDI= | E19: =E18 -> 0.15
A20: J | B20: GRUPO C
B21: CPRB | E21: 0.045
B22: Total S, R e G= | E22: =SUM(E21:E21) -> 0.045
E24: =((1+E16)/(1-((E19/(1+E19))-(E16/(1+E19))+E22)))-1 -> 0.21243116
A26: NOTA:
B27: 1 - A fórmula para o cálculo do BDI, acima utilizada, segue Fórmula DNIT, conforme "1º Caderno de Perguntas e Respostas - Pregão, na Forma Eletrônica - Edital nº 048/2015-09 - Processo nº 50609.970018/2014-11" - DNIT.
B28: 2 - Conforme Memorando - Circular nº 03/2016-DiREX - DNIT.
B29: 3. A alíquota de Contribuição Previdenciária sobre Receita Bruta igual a 4,5% conforme Lei nº 13.161/2015 que alterou a Lei nº 12.456/2011. Sobre o tema ver Memorando Circular nº 16.458/DESP/DFSA/2015.
A33: =DADOS!$C$12 -> Paço do Lumiar-MA, 06 de outubro de 2025.
B39: ______________________________________ | D39: ______________________________________
B40: =DADOS!$C$14 -> Fernando Aragão Costa | D40: =DADOS!$C$17 -> 0
B41: =DADOS!$C$15 -> Engenheiro | D41: =DADOS!$C$18 -> 0
B42: =DADOS!$C$16 -> 1115360060 | D42: =DADOS!$C$19 -> 0

Sheet CE-AQUISIÇAO DE MAT. BET.
A1: GOVERNO DO MARANHÃO
A2: AGENCIA EXECUTIVA METROPOLITANA - AGEM
A4: OBJETO: | B4: =DADOS!$C$2 -> CONTRATAÇÃO DE EMPRESA ESPECIALIZADA EM CONSTRUÇÃO PARA CONCLUSÃO DE 01 PORTAL TURÍSTICO EM PAÇO DO LUMIAR – MA, LOCALIZADO NA RUA ANTÔNIO, VILA DO PAÇO, REFERENTE AO CONTRATO DE REPASSE Nº 832525/2016/MTUR/CAIXA” CONFORME SUAS ATUALIZAÇÕES DE META E REPROGRAMAÇÃO”, EM ACORDO COM O PROJETO BÁSICO
A5: Local: | B5: =DADOS!$C$3 -> PAÇO DO LUMIAR -MA.
A7: DATA BASE: | B7: =DADOS!$C$4 -> SINAPI 04/2025 - Maranhão; SICRO3 01/2025 - Maranhão; ORSE 02/2025 - Sergipe; SEINFRA 028 - Ceará
A8: BDI: | B8: =DADOS!$C$5 -> 0.2247 | I8: ENCARGOS SOCIAIS: | J8: =DADOS!$C$7 -> SEM DESONERAÇÃO
A9: BDI Dif.: | B9: =DADOS!$C$6 -> 0 | I9: Horista | J9: =DADOS!$C$8 -> 1.1273
A10: Revisão: | B10: =DADOS!$C$10 -> 0 | I10: Mensalista | J10: =DADOS!$C$9 -> 0.7019
A12: CUSTOS DE AQUISIÇÃO E TRANSPORTE DE PRODUTOS ASFÁLTICO
E14: Transporte comecial de material betuminoso
D15: DISTÂNCIA DE TRANSP. Fortaleza / São Luís (km) - POR TERESINA | I15: 1100 | J15: km
A17: NATUREZA DO TRANSPORTE | E17: EQUAÇÕES TARIFÁRIAS DE TRANPORTE (CUSTODIRETO - R$) | J17: OBSERVAÇÕES
A19: Rodovia em leito natural | E19: (26,939 + 0,412 x D) /ton | J19: Equações com mês-base de JUL/2014
A20: Rodovia em revestiemento primário | E20: (26,939 + 0,299 x D) /ton
A21: Rodovia pavimentada | E21: (26,939 + 0,253 x D) /ton
B22: Custo do transporte = Custo direto do transporte / ( 1 - % ICMS / 100)
B24: CÁLCULO DO CUSTO DE TRANSPORTE POR TONELADA DOS PRODUTOS ASFÁLTICOS
B26: CUSTO POR KM | J26: CUSTO FIXO
D27: REVEST. ASFÁLTICO | F27: REVEST. PRIMÁRIO | H27: LEITO NATURAL
B28: DIRETO | D28: 0.253 | F28: 0.299 | H28: 0.412 | J28: 26.939
B30: VARIÁVEIS | H30: UNIDADE | J30: VALORES
B31: Distância revestimento asfáltico (São Luis/MA) | H31: km | J31: =I15 -> 1100
B32: Distância revestimento primário | H32: km | J32: 0
B33: Distância Leito Natural | H33: km | J33: 0
B34: ICMS | H34: % | J34: 18
B35: BDI | H35: % | J35: 21.24
B36: Índice de Pavimentação (JUL/2014) | H36: - | J36: 270.237
B37: DATA-BASE | H37: - | J37: JAN/2022
B38: Índice de Pavimentação (Data-Base) | H38: - | J38: 464.475
B40: ATENDENDO AO MEMORANDO CIRCULAR N.º 02/2012 - DIREX NORMA BÁSICA: INSTRUÇÃO DE SERVIÇO DNIT Nº. 04/2012
B42: CUSTO DIRETO TRANSP. REFINARIA ATÉ A OBRA | H42: UNIDADE | J42: VALORES
B43: CD = | H43: R$/t | J43: =(J28+(F28*J32))+(D28*J31)+(J33*H28) -> 305.239
B45: CUSTO FINAL DO TRANSPORTE | H45: UNIDADE | J45: VALORES
B46: Custo Reajustado Transporte sem BDI | H46: R$/t | J46: =J43*((($J$38/$J$36))/(1-0.18)) -> 639.79921
B47: BDI | H47: R$/t | J47: =J46*($J$35/100) -> 135.89335
B48: CF SEM BDI | H48: R$/t | J48: =SUM(J46) -> 639.79921
B50: Portaria Nº 349 de 06/03/2010 - Deretoria Geral, Art. 1º, os materiais betuminosos deerão ser definidos pelo
B51: acompanhamento de preços da região de distribuição de asfalto, da Agência Nacional de Petróleo (ANP),
B52: acrécidos do ICMS da região e com BDI de 21,24%.
A54: observação: | B54: Foi considerado 876,0 km a distância media de fotaleza até a cidade de São Luís/Ma, uma vez que os serviços serão executados em sua extensão.
A59: Região - Nordeste - Base - Ceará
C61: TABELA DE PREÇOS ANP (Agência Nacional de Petróleo)
C62: PRODUTO | D62: 10/2021 | E62: 11/2021 | F62: 12/2021 | G62: 01/2022
C63: CM 30 | D63: 4.5888466 | E63: 4.931175 | F63: 4.9254091 | G63: 5.0196414
C64: RR 2C | D64: 2.5921232 | E64: 2.8137232 | F64: 2.8600604 | G64: 2.8285933
C65: RR 1C | D65: 2.5234381 | E65: 2.7218861 | F65: 2.7286549 | G65: 2.7804231
C66: RR1C-E | D66: 0 | E66: 0 | F66: 0 | G66: 0
C67: CAP 50/70 | D67: 3.3922429 | E67: 3.6876715 | F67: 3.7154569 | G67: 3.7343416
C68: Preços obtidos através do sitio: https://www.gov.br/anp/pt-br/assuntos/precos-e-defesa-da-concorrencia/precos/precos-de-distribuicao-de-produtos-asfalticos
D70: PRODUTO | E70: CUSTO (R$./t) | G70: CUSTO (R$/KG)
D71: CM 30 | E71: =G71*1000 -> 5019.6414 | G71: =G63 -> 5.0196414
D72: RR 2C | E72: =G72*1000 -> 2828.5933 | G72: =G64 -> 2.8285933
D73: RR 1C | E73: =G73*1000 -> 2780.4231 | G73: =G65 -> 2.7804231
D74: RR1C-E | E74: =G74*1000 -> 0 | G74: =G66 -> 0
D75: CAP 50/70 | E75: =G75*1000 -> 3734.3416 | G75: =G67 -> 3.7343416
C76: Nota 1 - Preços à vista, sem frete, com todos os imposto inclusos, à execeção do ICMS.
C77: Nota 2 - Informações baseadas em dados preliminares, portanto sujeitos a reprocessamento por parte dos imformantes nos moldes da esolução ANP N.º 17/2004
C83: PRODUTO | D83: CUSTO (R$/t) | E83: BDI (21,24%) | F83: ICMS (18%) | G83: PIS | H83: COFINS | I83: TOTAL AQUISIÇÃO | J83: VALOR TRANSPORTE
E84: 0.2124 | F84: 0.18 | G84: 0.0065 | H84: 0.03
C85: CM - 30 | D85: =E71 -> 5019.6414 | E85: =D85*$E$84 -> 1066.1718 | F85: =I85*0.18 -> 1153.2024 | G85: =I85*0.0065 -> 41.64342 | H85: =I85*$H$84 -> 192.2004 | I85: =TRUNC(((D85)/(1-($F$84+$G$84+$H$84))),2) -> 6406.68 | J85: =J48 -> 639.79921
C86: RR 2C | D86: =E72 -> 2828.5933 | E86: =D86*$E$84 -> 600.79321 | F86: =I86*0.18 -> 649.836 | G86: =I86*0.0065 -> 23.4663 | H86: =I86*$H$84 -> 108.306 | I86: =TRUNC(((D86)/(1-($F$84+$G$84+$H$84))),2) -> 3610.2 | J86: =$J$48 -> 639.79921
C87: RR 1C | D87: =E73 -> 2780.4231 | E87: =D87*$E$84 -> 590.56187 | F87: =I87*0.18 -> 638.7696 | G87: =I87*0.0065 -> 23.06668 | H87: =I87*$H$84 -> 106.4616 | I87: =TRUNC(((D87)/(1-($F$84+$G$84+$H$84))),2) -> 3548.72 | J87: =$J$48 -> 639.79921
C88: RR1C-E | D88: =E74 -> 0 | E88: =D88*$E$84 -> 0 | F88: =I88*0.18 -> 0 | G88: =I88*0.0065 -> 0 | H88: =I88*$H$84 -> 0 | I88: =TRUNC(((D88)/(1-($F$84+$G$84+$H$84))),2) -> 0 | J88: =$J$48 -> 639.79921
C89: CAP 50/70 | D89: =E75 -> 3734.3416 | E89: =D89*$E$84 -> 793.17416 | F89: =I89*0.18 -> 857.9214 | G89: =I89*0.0065 -> 30.980495 | H89: =I89*$H$84 -> 142.9869 | I89: =TRUNC(((D89)/(1-($F$84+$G$84+$H$84))),2) -> 4766.23 | J89: =$J$48 -> 639.79921
C94: ______________________________________ | I94: ______________________________________
C95: =DADOS!$C$14 -> Fernando Aragão Costa | I95: =DADOS!$C$17 -> 0
C96: =DADOS!$C$15 -> Engenheiro | I96: =DADOS!$C$18 -> 0
C97: =DADOS!$C$16 -> 1115360060 | I97: =DADOS!$C$19 -> 0

Sheet BDI DIFERENCIADO (2)
A4: OBJETO: | B4: =DADOS!$C$2 -> CONTRATAÇÃO DE EMPRESA ESPECIALIZADA EM CONSTRUÇÃO PARA CONCLUSÃO DE 01 PORTAL TURÍSTICO EM PAÇO DO LUMIAR – MA, LOCALIZADO NA RUA ANTÔNIO, VILA DO PAÇO, REFERENTE AO CONTRATO DE REPASSE Nº 832525/2016/MTUR/CAIXA” CONFORME SUAS ATUALIZAÇÕES DE META E REPROGRAMAÇÃO”, EM ACORDO COM O PROJETO BÁSICO
A5: Local: | B5: =DADOS!$C$3 -> PAÇO DO LUMIAR -MA.
A7: DATA BASE: | B7: =DADOS!$C$4 -> SINAPI 04/2025 - Maranhão; SICRO3 01/2025 - Maranhão; ORSE 02/2025 - Sergipe; SEINFRA 028 - Ceará
A8: BDI: | B8: =DADOS!$C$5 -> 0.2247 | C8: ENCARGOS SOCIAIS: | D8: COM DESONERAÇÃO
A9: BDI DIF.: | B9: =DADOS!$C$6 -> 0 | C9: Horista | D9: 0.8387
A10: Revisão: | B10: 0 | C10: Mensalista | D10: 0.4751
A12: BDI - BENEFÍCIOS E DESPESAS INDIRETAS DIFERENCIADO
A14: D | B14: GRUPO A
B15: RISCO | E15: 0.005
B16: Total D= | E16: =E15 -> 0.005
A17: BDI | B17: GRUPO B
B18: BDI | E18: 0.15
B19: Total BDI= | E19: =E18 -> 0.15
A20: J | B20: GRUPO C
B21: CPRB | E21: 0.045
B22: Total S, R e G= | E22: =SUM(E21:E21) -> 0.045
E24: =((1+E16)/(1-((E19/(1+E19))-(E16/(1+E19))+E22)))-1 -> 0.21243116
A26: NOTA:
B27: 1 - A fórmula para o cálculo do BDI, acima utilizada, segue Fórmula DNIT, conforme "1º Caderno de Perguntas e Respostas - Pregão, na Forma Eletrônica - Edital nº 048/2015-09 - Processo nº 50609.970018/2014-11" - DNIT.
B28: 2 - Conforme Memorando - Circular nº 03/2016-DiREX - DNIT.
B29: 3. A alíquota de Contribuição Previdenciária sobre Receita Bruta igual a 4,5% conforme Lei nº 13.161/2015 que alterou a Lei nº 12.456/2011. Sobre o tema ver Memorando Circular nº 16.458/DESP/DFSA/2015.
A33: =DADOS!C12 -> Paço do Lumiar-MA, 06 de outubro de 2025.
C38: ______________________________________
C39: =DADOS!C14 -> Fernando Aragão Costa
C40: =DADOS!C15 -> Engenheiro
C41: =DADOS!C16 -> 1115360060

Sheet Base
A1: Construção de Edifícios | F1: Construção de Redes de Abastecimento de Água, Coleta de Esgoto e Construções Correlatas
A3: PARCELA DO BDI | B3: 1 Quartil | C3: Médio | D3: 3 Quartil | F3: PARCELA DO BDI | G3: 1 Quartil | H3: Médio | I3: 3 Quartil
A4: Administração Central | B4: 0.03 | C4: 0.04 | D4: 0.055 | F4: Administração Central | G4: 0.0343 | H4: 0.0493 | I4: 0.0671
A5: Seguro e Garantia | B5: 0.008 | C5: 0.008 | D5: 0.01 | F5: Seguro e Garantia | G5: 0.0028 | H5: 0.0049 | I5: 0.0075
A6: Risco | B6: 0.0097 | C6: 0.0127 | D6: 0.0127 | F6: Risco | G6: 0.01 | H6: 0.0139 | I6: 0.0174
A7: Despesas Financeiras | B7: 0.0059 | C7: 0.0123 | D7: 0.0139 | F7: Despesas Financeiras | G7: 0.0094 | H7: 0.0099 | I7: 0.0117
A8: Lucro | B8: 0.0616 | C8: 0.074 | D8: 0.0896 | F8: Lucro | G8: 0.0674 | H8: 0.0804 | I8: 0.094
A9: PIS, COFINS e ISSQN | B9: Conforme legislação específica | F9: PIS, COFINS e ISSQN | G9: Conforme legislação específica
A12: Construção de Rodovias e Ferrovias | F12: Fornecimento de Materiais e Equipamentos
A13: PARCELA DO BDI | B13: 1 Quartil | C13: Médio | D13: 3 Quartil | F13: PARCELA DO BDI | G13: 1 Quartil | H13: Médio | I13: 3 Quartil
A14: Administração Central | B14: 0.038 | C14: 0.0401 | D14: 0.0467 | F14: Administração Central | G14: 0.015 | H14: 0.0345 | I14: 0.0449
A15: Seguro e Garantia | B15: 0.0032 | C15: 0.004 | D15: 0.0074 | F15: Seguro e Garantia | G15: 0.003 | H15: 0.0048 | I15: 0.0082
A16: Risco | B16: 0.005 | C16: 0.0056 | D16: 0.0097 | F16: Risco | G16: 0.0056 | H16: 0.0085 | I16: 0.0089
A17: Despesas Financeiras | B17: 0.0102 | C17: 0.0111 | D17: 0.0121 | F17: Despesas Financeiras | G17: 0.0085 | H17: 0.0085 | I17: 0.0111
A18: Lucro | B18: 0.0664 | C18: 0.073 | D18: 0.0869 | F18: Lucro | G18: 0.035 | H18: 0.0511 | I18: 0.0622
A19: PIS, COFINS e ISSQN | B19: Conforme legislação específica | F19: PIS, COFINS e ISSQN | G19: Conforme legislação específica
A22: =BDI!B14 -> Construção de Edifícios
A23: Administração | B23: Seguro e garantia | C23: Risco | D23: despesas financeiras | E23: lucro
A24: =IF($A$22=$A$1,B4,IF($A$22=$F$1,G4,IF($A$22=$A$12,B14,G14))) -> 0.03 | B24: =IF($A$22=$A$1,B5,IF($A$22=$F$1,G5,IF($A$22=$A$12,B15,G15))) -> 0.008 | C24: =IF($A$22=$A$1,B6,IF($A$22=$F$1,G6,IF($A$22=$A$12,B16,G16))) -> 0.0097 | D24: =IF($A$22=$A$1,B7,IF($A$22=$F$1,G7,IF($A$22=$A$12,B17,G17))) -> 0.0059 | E24: =IF($A$22=$A$1,B8,IF($A$22=$F$1,G8,IF($A$22=$A$12,B18,G18))) -> 0.0616
A25: =IF($A$22=$A$1,C4,IF($A$22=$F$1,H4,IF($A$22=$A$12,C14,H14))) -> 0.04 | B25: =IF($A$22=$A$1,C5,IF($A$22=$F$1,H5,IF($A$22=$A$12,C15,H15))) -> 0.008 | C25: =IF($A$22=$A$1,C6,IF($A$22=$F$1,H6,IF($A$22=$A$12,C16,H16))) -> 0.0127 | D25: =IF($A$22=$A$1,C7,IF($A$22=$F$1,H7,IF($A$22=$A$12,C17,H17))) -> 0.0123 | E25: =IF($A$22=$A$1,C8,IF($A$22=$F$1,H8,IF($A$22=$A$12,C18,H18))) -> 0.074
A26: =IF($A$22=$A$1,D4,IF($A$22=$F$1,I4,IF($A$22=$A$12,D14,I14))) -> 0.055 | B26: =IF($A$22=$A$1,D5,IF($A$22=$F$1,I5,IF($A$22=$A$12,D15,I15))) -> 0.01 | C26: =IF($A$22=$A$1,D6,IF($A$22=$F$1,I6,IF($A$22=$A$12,D16,I16))) -> 0.0127 | D26: =IF($A$22=$A$1,D7,IF($A$22=$F$1,I7,IF($A$22=$A$12,D17,I17))) -> 0.0139 | E26: =IF($A$22=$A$1,D8,IF($A$22=$F$1,I8,IF($A$22=$A$12,D18,I18))) -> 0.0896
